Cogmind - Beta 12 @@@ ROGUE MODE // 2023.04.12 @ 15:34:53 // AFD2019/Pay2Buy Player: ArabianSandBoa Result: Self-destructed Performance ------------- Evolutions (7) 3500 Regions Visited (34) 6800 Robots Destroyed (722) 3610 Value Destroyed (42930) 42930 Prototype IDs (52) 1040 Alien Tech Used (0) 0 Bonus (32322) 32322 TOTAL SCORE: 90202 Bonus ------- Triggered High Security 2500 High Alert Combat Kills 23989 Follower Combat Kills 2353 Entered Garrisons 1200 Network Hubs Disabled 400 Aligned with FarCom 300 Met Data Miner 300 Met Warlord at Base 500 MAIN.C Attacked Warlord 500 Warlord Defense Kills 440 Built Enhanced Grunts 300 Met R17 at Cetus 500 Met R17 at Research 2000 Friendly Fire -2960 Cogmind --------- Core Integrity 1144/1300 Matter 300/300 Energy 860/860 System Corruption 3% Temperature Cool (0) Movement Rolling (130) Ox2 Location -3/Garrison Parts ------- > --- POWER (3) -------- Cooled Antimatter Reactor Graviton Reactor Graviton Reactor > --- PROPULSION (2) --- Centrium Wheel Centrium Wheel > --- UTILITY (14) ----- Advanced Power Amplifier Coolant Network Improved Launcher Guidance Computer Advanced Target Analyzer Experimental Core Analyzer Improved Armor Integrity Analyzer Matter Filter Improved Kinecellerator Improved Weapon Cycler Experimental Thermal Defense Suite EM Disruption Field Experimental Force Field Long-range Tractor Beam > --- WEAPON (2) ------- Tri-rail Accelerator > --- INVENTORY (10) --- Improved Fusion Compressor Encrypted Comm Array Advanced Particle Accelerator AEGIS Remote Shield Heavy Neutron Cannon Heavy Neutron Cannon Improved Matter Neutralizer Tri-rail Accelerator Tactical Quantum Warhead Peak State ------------ > --- POWER ------------ Cooled Antimatter Reactor Graviton Reactor Graviton Reactor > --- PROPULSION ------- Biometal Heavy Treads > --- UTILITY ---------- Advanced Power Amplifier Coolant Network Improved Launcher Guidance Computer Launcher Loader Experimental Thermal Defense Suite EM Disruption Field Experimental Force Field Advanced Hacking Suite Advanced Hacking Suite Advanced Hacking Suite Advanced System Shield Long-range Tractor Beam > --- WEAPON ----------- Improved Matter Neutralizer Neutron Missile Launcher > --- INVENTORY -------- Improved Fusion Compressor Centrium Wheel Centrium Wheel Advanced Cooling System Encrypted Comm Array Improved Weapon Cycler AEGIS Remote Shield Heavy Neutron Cannon Heavy Neutron Cannon Tactical Quantum Warhead [Rating: 161] Favorites ----------- Power Reinforced Deuterium Engine Engine Reinforced Deuterium Engine Power Core Enhanced Fission Core Reactor Quantum Reactor Propulsion Armored Huge Wheel Treads Biometal Heavy Treads Wheel Armored Huge Wheel Utility Long-range Tractor Beam Device Long-range Tractor Beam Processor Experimental Targeting Computer Hackware Advanced Hacking Suite Protection Advanced Powered Armor Weapon Cooled Plasma Cannon Energy Cannon Cooled Plasma Cannon Ballistic Cannon Tri-rail Accelerator Launcher Neutron Missile Launcher Special Weapon Remote Datajack Build | -11 -10 -10 -9 -9 -9 -8 -8 -8 -8 -8 -8 -7 -7 -7 -7 -6 -6 -6 -6 -5 -5 -5 -5 -5 -4 -4 -4 -4 -4 -4 -4 -4 -3 -3 ------- Run | Jun Mat Min Mat Min Exi Min Mat Gar Mat Gar Mat Fac Gar Fac Gar Fac Low Low Dat Pro Fac Upp Upp War Pro Fac Gar Fac Ext Cet Arc Hub Res Gar Slots Evolved 14 | . . . 2 . . . 2 . . . . 2 . . . 2 . . . . 2 . . . . 2 . . . . . . 2 . Power 2 | . . . . . . . 1 . . . . . . . . 1 . . . . . . . . . . . . . . . . . . Propulsion . | . . . . . . . . . . . . . . . . . . . . . . . . . . . . . . . . . . . Utility 12 | . . . 2 . . . 1 . . . . 2 . . . 1 . . . . 2 . . . . 2 . . . . . . 2 . Weapon . | . . . . . . . . . . . . . . . . . . . . . . . . . . . . . . . . . . . Parts Attached 194 | . . . 16 2 . 5 7 15 . 5 9 . 8 . 14 . 2 . . 5 3 5 . 3 6 1 15 3 15 10 3 26 4 12 Power 7 | . . . . . . . 1 . . . . . . . . . . . . . . . . . 2 . . . 1 . . . 3 . Engine 2 | . . . . . . . 1 . . . . . . . . . . . . . . . . . . . . . 1 . . . . . Core . | . . . . . . . . . . . . . . . . . . . . . . . . . . . . . . . . . . . Reactor 5 | . . . . . . . . . . . . . . . . . . . . . . . . . 2 . . . . . . . 3 . Propulsion 15 | . . . . . . . . 1 . . . . . . . . . . . . . . . . 1 . . . 1 . 3 6 . 3 Treads 6 | . . . . . . . . . . . . . . . . . . . . . . . . . 1 . . . 1 . 1 2 . 1 Leg . | . . . . . . . . . . . . . . . . . . . . . . . . . . . . . . . . . . . Wheel 9 | . . . . . . . . 1 . . . . . . . . . . . . . . . . . . . . . . 2 4 . 2 Hover . | . . . . . . . . . . . . . . . . . . . . . . . . . . . . . . . . . . . Flight . | . . . . . . . . . . . . . . . . . . . . . . . . . . . . . . . . . . . Utility 56 | . . . 6 . . 2 . 2 . 3 4 . 2 . 6 . 2 . . 2 2 . . 1 . . 2 3 6 4 . 4 1 4 Device 43 | . . . 6 . . 2 . 2 . 2 4 . 2 . 4 . 1 . . 2 2 . . 1 . . 2 3 2 4 . 2 . 2 Storage . | . . . . . . . . . . . . . . . . . . . . . . . . . . . . . . . . . . . Processor 1 | . . . . . . . . . . . . . . . . . . . . . . . . . . . . . . . . . . 1 Hackware 2 | . . . . . . . . . . . . . . . . . . . . . . . . . . . . . . . . . 1 1 Protection 10 | . . . . . . . . . . 1 . . . . 2 . 1 . . . . . . . . . . . 4 . . 2 . . Artifact . | . . . . . . . . . . . . . . . . . . . . . . . . . . . . . . . . . . . Weapon 116 | . . . 10 2 . 3 6 12 . 2 5 . 6 . 8 . . . . 3 1 5 . 2 3 1 13 . 7 6 . 16 . 5 Energy Gun . | . . . . . . . . . . . . . . . . . . . . . . . . . . . . . . . . . . . Energy Cannon 63 | . . . 4 2 . 1 4 7 . 1 3 . 3 . 6 . . . . 2 . 3 . 1 2 . 7 . 5 3 . 6 . 3 Ballistic Gun . | . . . . . . . . . . . . . . . . . . . . . . . . . . . . . . . . . . . Ballistic Cannon . | . . . . . . . . . . . . . . . . . . . . . . . . . . . . . . . . . . . Launcher 52 | . . . 6 . . 2 2 5 . 1 2 . 3 . 2 . . . . 1 1 2 . . 1 1 6 . 2 3 . 10 . 2 Special Weapon 1 | . . . . . . . . . . . . . . . . . . . . . . . . 1 . . . . . . . . . . Impact Weapon . | . . . . . . . . . . . . . . . . . . . . . . . . . . . . . . . . . . . Slashing Weapon . | . . . . . . . . . . . . . . . . . . . . . . . . . . . . . . . . . . . Piercing Weapon . | . . . . . . . . . . . . . . . . . . . . . . . . . . . . . . . . . . . Special Melee Weapon . | . . . . . . . . . . . . . . . . . . . . . . . . . . . . . . . . . . . Unidentified Prototypes . | . . . . . . . . . . . . . . . . . . . . . . . . . . . . . . . . . . . Parts Lost 60 | . 1 . 3 . . 1 2 4 . 1 3 . 4 . 11 1 . . . 2 1 1 2 . . . 2 . 3 . . 13 . 5 Power 7 | . . . . . . . . . . . 2 . . . 1 . . . . . 1 . . . . . . . 2 . . 1 . . Propulsion 3 | . . . . . . . 1 . . . . . 1 . 1 . . . . . . . . . . . . . . . . . . . Utility 42 | . 1 . 2 . . 1 1 3 . 1 . . 3 . 6 1 . . . 2 . 1 2 . . . 2 . . . . 12 . 4 Weapon 8 | . . . 1 . . . . 1 . . 1 . . . 3 . . . . . . . . . . . . . 1 . . . . 1 Highest Loss Streak 8 | . 1 . 1 . . 1 1 2 . 1 1 . 2 . 8 1 . . . 2 1 1 2 . . . 1 . 2 . . 4 . 3 To Critical Strikes 1 | . . . . . . . . . . . . . . . . . . . . . . . . . . . . . . . . 1 . . Average Slot Usage (%) 85 | . 16 21 91 100 100 99 91 88 63 89 88 69 68 69 81 77 85 86 86 84 78 82 83 76 87 84 86 89 88 93 92 88 89 87 Engine 7 | . . . 9 11 11 11 18 18 18 18 10 . . . 8 6 6 6 6 6 5 5 5 5 1 . . . 4 5 5 3 . . Core 3 | . . . . . . . . . . . 5 7 7 7 1 3 6 6 6 6 8 11 11 11 7 5 5 5 4 5 5 6 . . Reactor 3 | . . . . . . . . . . . . . . . . . 5 6 6 6 2 . . . 6 10 10 10 5 5 5 4 13 14 Treads 1 | . . . . . . . . . . . . . . . . . . . . . . . . . 3 5 5 5 5 . 1 3 . . Wheel 7 | . . . 19 22 22 22 10 9 9 9 9 7 7 7 6 6 6 6 6 6 5 5 5 5 1 . . . . 9 7 3 9 7 Device 23 | . 3 . 11 11 11 20 26 8 . 21 17 15 15 15 21 24 14 13 13 12 17 23 26 23 29 31 33 40 38 48 52 44 37 38 Processor 11 | . . . 19 33 33 12 9 26 18 9 10 15 15 15 15 13 13 15 20 14 11 11 9 5 10 7 5 5 3 . . 3 3 8 Hackware 1 | . . . . . . . . . . . . . . . 5 9 13 10 6 6 1 . . . . . . . . . . . . 9 Protection 9 | . . 10 8 . . 9 9 8 . 13 16 7 6 7 3 . 5 6 6 10 11 11 11 11 11 12 14 11 13 8 5 7 13 . Energy Cannon 10 | . . 10 7 18 22 3 11 16 18 15 17 15 8 15 13 13 13 13 13 12 8 10 11 10 6 6 7 5 9 8 10 7 8 4 Launcher 3 | . 12 . 14 3 . 18 6 1 . 2 . . 4 . . . . . . . 2 . . . 3 3 2 5 . 1 . 2 . . Naked Turns 33 | . 20 13 . . . . . . . . . . . . . . . . . . . . . . . . . . . . . . . . Heaviest Build 156 | . 2 11 30 22 22 42 70 67 44 76 76 32 56 55 73 52 77 77 77 77 89 95 107 107 119 142 147 149 156 156 132 143 139 115 Greatest Support 75 | 3 3 3 24 24 24 24 28 28 28 28 28 28 28 28 28 28 28 28 28 28 28 28 28 28 75 75 75 75 75 75 75 75 32 75 Greatest Overweight (x) 5 | . . 3 4 . . 1 5 2 1 2 2 1 1 1 2 1 2 2 2 2 3 3 3 3 3 1 1 1 2 4 4 4 4 3 Average Overweight (x) 1 | . . 1 . . . . 2 1 1 1 1 1 1 1 1 1 1 2 2 2 2 3 3 3 2 1 1 1 1 3 3 2 3 2 Largest Inventory Capacity 10 | . 10 10 10 10 10 10 10 10 10 10 10 10 10 10 10 10 10 10 10 10 10 10 10 10 10 10 10 10 10 10 10 10 10 10 Average Capacity 10 | . 10 10 10 10 10 10 10 10 10 10 10 10 10 10 10 10 10 10 10 10 10 10 10 10 10 10 10 10 10 10 10 10 10 10 Most Carried 10 | . . 1 10 10 8 10 10 10 10 10 10 10 10 10 10 9 10 10 10 10 10 10 10 10 10 10 10 10 10 9 9 10 10 10 Average Carried 9 | . . 1 4 8 8 9 9 9 10 9 9 10 9 10 9 8 9 10 10 9 9 9 10 9 9 9 9 9 9 8 8 9 9 9 Final Capacity 10 | 10 10 10 10 10 10 10 10 10 10 10 10 10 10 10 10 10 10 10 10 10 10 10 10 10 10 10 10 10 10 10 10 10 10 10 Final Carried 10 | . . 1 10 8 8 10 10 10 10 10 10 10 10 10 8 9 10 10 10 10 9 10 10 10 10 9 10 10 8 9 9 8 10 10 Class Distribution -------------------- 86% | Mutant 9% | Hacker-Mutant 3% | Commander-Mutant Dominant Class ---------------- Mutant | -10/Materials Mutant | -10/Mines Mutant | -9/Materials Mutant | -9/Mines Mutant | -9/Exiles Mutant | -8/Mines Mutant | -8/Materials Mutant | -8/Garrison Mutant | -8/Materials Mutant | -8/Garrison Mutant | -8/Materials Mutant | -7/Factory Mutant | -7/Garrison Mutant | -7/Factory Mutant | -7/Garrison Hacker-Mutant | -6/Factory Hacker-Mutant | -6/Lower Caves Hacker-Mutant | -6/Lower Caves Mutant | -6/Data Miner Mutant | -5/Proximity Caves Mutant | -5/Factory Mutant | -5/Upper Caves Mutant | -5/Upper Caves Mutant | -5/Warlord Mutant | -4/Proximity Caves Mutant | -4/Factory Mutant | -4/Garrison Mutant | -4/Factory Mutant | -4/Extension Mutant | -4/Cetus Commander-Mutant | -4/Archives Mutant | -4/Hub_04(d) Mutant | -3/Research Hacker-Mutant | -3/Garrison Resources | -11 -10 -10 -9 -9 -9 -8 -8 -8 -8 -8 -8 -7 -7 -7 -7 -6 -6 -6 -6 -5 -5 -5 -5 -5 -4 -4 -4 -4 -4 -4 -4 -4 -3 -3 ----------- Run | Jun Mat Min Mat Min Exi Min Mat Gar Mat Gar Mat Fac Gar Fac Gar Fac Low Low Dat Pro Fac Upp Upp War Pro Fac Gar Fac Ext Cet Arc Hub Res Gar Matter Collected 11944 | . 294 . 1359 143 . 43 585 500 . 269 267 . 727 . 539 . 20 . . 171 257 361 64 84 361 31 712 401 794 240 204 2234 7 1277 Remotely 9690 | . 198 . 1252 . . 43 585 400 . 249 152 . 727 . 197 . . . . . 223 64 . 60 361 31 531 392 409 240 204 2234 7 1131 Salvage Created 24472 | . 408 . 1702 73 . 92 1199 1184 . 722 1646 . 727 . 1137 835 56 450 . 537 433 626 222 167 1045 33 1527 917 1515 119 71 4795 7 2227 Parts . | . . . . . . . . . . . . . . . . . . . . . . . . . . . . . . . . . . . Haulers Intercepted 11 | . . . 3 . . . 2 . . . 1 . . . . 1 . . . . . . . . . . . 1 . . . 3 . . Recyclers Shooed 1 | . . . . . . . 1 . . . . . . . . . . . . . . . . . . . . . . . . . . . Parts Field Recycled . | . . . . . . . . . . . . . . . . . . . . . . . . . . . . . . . . . . . Retrieved Matter . | . . . . . . . . . . . . . . . . . . . . . . . . . . . . . . . . . . . Parts Self-Destructed . | . . . . . . . . . . . . . . . . . . . . . . . . . . . . . . . . . . . Prevented . | . . . . . . . . . . . . . . . . . . . . . . . . . . . . . . . . . . . Kills | -11 -10 -10 -9 -9 -9 -8 -8 -8 -8 -8 -8 -7 -7 -7 -7 -6 -6 -6 -6 -5 -5 -5 -5 -5 -4 -4 -4 -4 -4 -4 -4 -4 -3 -3 ------- Run | Jun Mat Min Mat Min Exi Min Mat Gar Mat Gar Mat Fac Gar Fac Gar Fac Low Low Dat Pro Fac Upp Upp War Pro Fac Gar Fac Ext Cet Arc Hub Res Gar Combat Hostiles Destroyed 623 | . 18 . 51 1 . 6 25 36 . 31 35 . 38 . 27 8 1 6 . 11 7 14 6 3 25 5 50 21 31 10 2 107 . 48 Cannons 180 | . . . 13 1 . . 9 16 . 8 22 . 3 . 19 5 1 5 . 7 1 4 6 3 3 . 9 . 14 1 2 9 . 19 AOE 431 | . 18 . 38 . . 6 16 20 . 23 12 . 35 . 6 3 . . . 3 6 8 . . 22 5 38 21 17 9 . 98 . 27 Classes Destroyed 22 | . 6 . 7 . . . 3 2 . . . . . . 1 . . . . . 1 . . . . . 1 . 1 . . . . . Worker 28 | . 5 . 9 1 . . 4 . . . . . . . . 2 . . . . 2 . . . . . . 2 . . . 2 1 . Builder 14 | . 1 . . . . . 2 . . . 3 . . . . 1 . . . . 2 . . . . . . 2 . . . 3 . . Tunneler 4 | . 1 . 2 . . . . . . . . . . . . . . . . . 1 . . . . . . . . . . . . . Hauler 11 | . . . 3 . . . 2 . . . 1 . . . . 1 . . . . . . . . . . . 1 . . . 3 . . Recycler 15 | . . . . . . . 3 . . . . . . . . 2 . . . . 2 . . . . . . 1 3 . . 4 . . Carrier 3 | . . . . . . . 1 . . . . . . . . . . . . . . . . . . . . . . . . 2 . . Mechanic 7 | . . . 1 . . . . . . . . . . . . . . . . . . . . . . . . . 1 . . 5 . . Operator 6 | . . . 2 . . . 1 . . . 1 . . . . . . . . . 1 . . . . . . 1 . . . . . . Watcher 26 | . 2 . 3 . . . 5 . . . 1 . 1 . . 1 . . . . 1 . . . . . . 3 2 2 . 5 . . Swarmer 113 | . 3 . 4 . . 3 5 3 . 14 . . 16 . 9 . . . . . 4 2 5 . 6 5 20 3 6 5 . . . . Saboteur 7 | . . . . . . . . . . . . . . . . . . . . . . . . . . . . . 1 . . 6 . . Grunt 275 | . 15 . 31 . . 2 12 21 . 12 20 . 9 . 6 6 . 2 . 6 . 7 . . 12 . 14 14 16 . . 45 . 25 Brawler 22 | . . . 2 . . . 1 . . . . . . . . . . . . 3 . 2 . . . . 2 . 1 . . 8 . 3 Duelist 30 | . . . 3 . . 1 3 1 . 1 4 . . . . 1 . 1 . 1 . . . . . . 1 1 2 . . 10 . . Protector 11 | . . . 2 . . . . . . . 2 . . . . . . . . . . . . . 1 . . . 1 . . 5 . . Sentry 71 | . . . 9 1 . . 3 6 . 1 4 . 4 . 7 1 . . . 1 2 2 . . 3 . 6 1 1 . 2 13 . 4 Specialist 11 | . . . . . . . . 2 . . 4 . 2 . . . . . . . . . . . 1 . . . . . . . . 2 Hunter 33 | . . . . . . . 1 2 . . 1 . 2 . 3 . 1 2 . . . 1 . . 3 . 2 2 . . . 8 . 5 Programmer 37 | . . . . . . . . 1 . 3 . . 5 . 1 . . . . . . . . 3 2 . 3 . 2 2 . 7 . 8 Heavy 1 | . . . . . . . . . . . . . . . . . . . . . 1 . . . . . . . . . . . . . Behemoth 5 | . . . . . . . . . . . . . . . 1 . . 1 . . . . 1 . . . . . 1 . . . . 1 Cetus Guard 3 | . . . . . . . . . . . . . . . . . . . . . . . . . . . . . . 3 . . . . Enhanced Grunt 1 | . . . . . . . . . . . . . . . . . . . . . . . . . . . . . . . . 1 . . Lightning 5 | . . . . . . . . . . . . . . . . . . . . . . . . . . . . . . . . 5 . . Executioner 2 | . . . . . . . . . . . . . . . . . . . . . . . . . . . 2 . . . . . . . Thug 1 | . . . . . . . . . . . . . . . . . . . . . . . . . . . . 1 . . . . . . Savage 1 | . . . . . . . . . . . . . 1 . . . . . . . . . . . . . . . . . . . . . Guerrilla 1 | . . . . . . . . . . . . . . . . . . . . . . . . . . . . 1 . . . . . . Best Kill Streak 31 | . 14 . 16 1 . 3 12 7 . 15 7 . 10 . 5 10 1 3 . 11 12 9 5 3 16 5 5 8 10 10 1 31 1 12 Combat Bots Only 21 | . 9 . 9 1 . 3 6 7 . 15 7 . 10 . 5 3 1 3 . 11 4 9 5 3 16 5 5 8 10 9 1 21 . 12 Max Kills in Single Turn 10 | . 3 . 5 1 . 3 4 3 . 5 3 . 3 . 3 10 1 1 . 2 4 4 1 1 5 3 5 3 5 4 1 5 1 4 Gunslinging . | . . . . . . . . . . . . . . . . . . . . . . . . . . . . . . . . . . . Exploded 5 | . 3 . 5 . . 3 3 3 . 5 3 . 3 . 3 3 . . . 2 4 4 . . 5 3 5 3 5 4 . 5 . 4 Melee . | . . . . . . . . . . . . . . . . . . . . . . . . . . . . . . . . . . . Uniques/NPCs Destroyed . | . . . . . . . . . . . . . . . . . . . . . . . . . . . . . . . . . . . Combat | -11 -10 -10 -9 -9 -9 -8 -8 -8 -8 -8 -8 -7 -7 -7 -7 -6 -6 -6 -6 -5 -5 -5 -5 -5 -4 -4 -4 -4 -4 -4 -4 -4 -3 -3 -------- Run | Jun Mat Min Mat Min Exi Min Mat Gar Mat Gar Mat Fac Gar Fac Gar Fac Low Low Dat Pro Fac Upp Upp War Pro Fac Gar Fac Ext Cet Arc Hub Res Gar Damage Taken 18538 | . 233 . 1060 . . 30 826 1267 . 674 661 . 1199 . 2437 142 . 336 . 423 390 379 257 117 670 135 1040 311 1055 268 346 2823 18 1441 Core 1925 | . 185 . 180 . . . 124 163 . 69 117 . 138 . 228 7 . 19 . 42 49 13 11 22 6 . 10 7 72 17 9 281 . 156 Absorbed by Shields 8732 | . . . . . . . . 23 . . . . . . 415 98 . 352 . 206 399 394 268 121 381 147 933 300 1000 232 261 1659 18 1525 Reduced by Siege Mode 120 | . . . . . . . . . . . . . . . . . . . . . . . . . . . 19 . 20 . 15 21 . 45 Redirected to Shielding 138 | . . . . . . . . . . . . . . . . . . . . . 29 7 6 . . . . . . . . 96 . . Regen/Repaired (Parts) 237 | . . . . . . . . . . . . . . . . . . . . . . . . 237 . . . . . . . . . . Core Remaining (%) 61 | 100 . 26 . . . 55 . . . . 14 . . . 47 . . . . 92 . . . . 89 . . . . . . 65 . . Volleys Fired 1322 | . 35 2 110 7 . 13 71 79 8 66 74 . 71 . 84 29 3 23 . 26 39 19 17 17 20 2 75 33 73 21 17 153 14 121 Largest 2 | . 1 1 2 2 . 2 2 2 2 2 2 . 2 . 2 2 2 2 . 2 2 2 2 2 2 1 2 2 2 2 2 2 2 2 Hottest 223 | . 30 68 150 150 . 66 135 60 60 75 90 . 60 . 70 70 70 70 . 70 105 70 70 70 70 49 70 84 220 220 220 220 223 223 Shots Fired 1997 | . 35 2 180 13 . 16 100 130 16 110 133 . 85 . 154 58 6 46 . 47 55 33 34 26 29 2 108 34 115 25 34 178 26 167 Gun . | . . . . . . . . . . . . . . . . . . . . . . . . . . . . . . . . . . . Cannon 1390 | . . 2 81 12 . 2 74 112 16 97 123 . 27 . 142 58 6 46 . 42 36 28 34 18 18 . 65 1 89 8 34 54 25 140 Launcher 599 | . 35 . 99 1 . 14 26 18 . 13 10 . 58 . 12 . . . . 5 19 5 . . 11 2 43 33 26 17 . 124 1 27 Special 8 | . . . . . . . . . . . . . . . . . . . . . . . . 8 . . . . . . . . . . Kinetic 40 | . . . . . . . . . . . . . . . . . . . . . . . . . . . . . . . . . . 40 Thermal 1350 | . . 2 81 12 . 2 74 112 16 97 123 . 27 . 142 58 6 46 . 42 36 28 34 18 18 . 65 1 89 8 34 54 25 100 Explosive 599 | . 35 . 99 1 . 14 26 18 . 13 10 . 58 . 12 . . . . 5 19 5 . . 11 2 43 33 26 17 . 124 1 27 Electromagnetic . | . . . . . . . . . . . . . . . . . . . . . . . . . . . . . . . . . . . Robot Hit Streak 39 | . 4 . 27 5 . 3 28 18 . 10 22 . 27 . 23 8 9 25 . 21 35 13 29 12 14 3 39 17 22 15 10 23 2 35 Robot Miss Streak 4 | . 1 . 2 2 . . 4 2 . 3 3 . 2 . 1 1 . 1 . 1 1 1 3 1 4 . 1 1 3 1 1 2 1 3 Penetration Max . | . . . . . . . . . . . . . . . . . . . . . . . . . . . . . . . . . . . Secondary Targets . | . . . . . . . . . . . . . . . . . . . . . . . . . . . . . . . . . . . Shots Hit Robots 1043 | . 7 . 65 5 . 3 53 67 . 43 71 . 45 . 101 27 1 34 . 34 15 26 22 18 20 2 64 17 69 16 25 78 3 112 Core Hits 1396 | . 39 . 104 2 . 9 102 97 . 57 77 . 74 . 40 18 1 14 . 22 23 23 8 3 45 6 69 48 69 45 8 277 1 115 Critical Kills 7 | . . . . . . . . . . . . . . . . . . 1 . . 1 2 . . . . 1 . . . . . . 2 Critical Parts Destroyed . | . . . . . . . . . . . . . . . . . . . . . . . . . . . . . . . . . . . Critical Strikes 10 | . . . . . . . . . . . . . . . . . . 1 . . 1 2 . . . . 1 . . . . . . 5 Meltdown 7 | . . . . . . . . . . . . . . . . . . 1 . . 1 2 . . . . 1 . . . . . . 2 Blast 3 | . . . . . . . . . . . . . . . . . . . . . . . . . . . . . . . . . . 3 Melee Attacks . | . . . . . . . . . . . . . . . . . . . . . . . . . . . . . . . . . . . Impact . | . . . . . . . . . . . . . . . . . . . . . . . . . . . . . . . . . . . Slashing . | . . . . . . . . . . . . . . . . . . . . . . . . . . . . . . . . . . . Piercing . | . . . . . . . . . . . . . . . . . . . . . . . . . . . . . . . . . . . Sneak Attacks . | . . . . . . . . . . . . . . . . . . . . . . . . . . . . . . . . . . . Combat Hostiles . | . . . . . . . . . . . . . . . . . . . . . . . . . . . . . . . . . . . Follow-up Attacks . | . . . . . . . . . . . . . . . . . . . . . . . . . . . . . . . . . . . Damage Inflicted 120644 | . 1894 . 5140 166 . 526 3754 4358 . 2476 3785 . 4930 . 4706 2347 33 1132 . 2328 2391 2607 989 494 4649 703 9469 6630 8663 3191 1452 28988 118 12725 Guns . | . . . . . . . . . . . . . . . . . . . . . . . . . . . . . . . . . . . Cannons 30329 | . . . 975 125 . . 1096 1522 . 1085 2009 . 588 . 3719 921 33 1132 . 965 314 825 989 494 354 . 1941 . 3186 258 1226 1598 118 4856 Explosions 90307 | . 1894 . 4165 41 . 526 2658 2836 . 1391 1776 . 4342 . 987 1426 . . . 1363 2077 1782 . . 4295 703 7528 6630 5469 2933 226 27390 . 7869 Melee . | . . . . . . . . . . . . . . . . . . . . . . . . . . . . . . . . . . . Ramming 8 | . . . . . . . . . . . . . . . . . . . . . . . . . . . . . 8 . . . . . Kinetic 2194 | . . . . . . . . . . . . . . . . . . . . . . . . . . . . . . . . . . 2194 Thermal 31073 | . . . 1082 125 . . 1096 1522 . 1085 2009 . 588 . 3719 2347 33 1132 . 965 359 825 989 494 626 . 1941 . 3241 258 1452 2122 118 2945 Explosive 86848 | . 1894 . 4058 41 . 526 2658 2836 . 1391 1776 . 4342 . 987 . . . . 1363 2032 1782 . . 4023 669 7528 6630 5414 2933 . 26379 . 7586 Electromagnetic 521 | . . . . . . . . . . . . . . . . . . . . . . . . . . 34 . . . . . 487 . . Impact . | . . . . . . . . . . . . . . . . . . . . . . . . . . . . . . . . . . . Slashing . | . . . . . . . . . . . . . . . . . . . . . . . . . . . . . . . . . . . Piercing . | . . . . . . . . . . . . . . . . . . . . . . . . . . . . . . . . . . . Highest Corruption 14 | . . . . . . . . . . 2 2 . 6 . 3 . . . . 4 . . . 1 1 . 1 3 5 5 5 14 1 3 Average Corruption 2 | . . . . . . . . . . 1 2 . 2 . 1 . . . . 4 . . . 1 1 . 1 2 4 5 5 5 1 2 Corruption Purged 7 | . . . . . . . . . . . . . 7 . . . . . . . . . . . . . . . . . . . . . Corruption Blocked . | . . . . . . . . . . . . . . . . . . . . . . . . . . . . . . . . . . . Effects 158 | . . . . . . . . . . 15 11 . 10 . 5 . . . . 20 . . . . 10 . 11 6 22 6 2 23 . 17 Message Errors 32 | . . . . . . . . . . 1 2 . 1 . 2 . . . . 5 . . . . 3 . 3 1 5 . . 5 . 4 Matter Fused 38 | . . . . . . . . . . 5 2 . 3 . 2 . . . . 6 . . . . 2 . 3 . 4 . 2 4 . 5 Heat Flow Errors 16 | . . . . . . . . . . 1 1 . . . . . . . . 3 . . . . . . 2 3 1 2 . 2 . 1 Energy Discharges 18 | . . . . . . . . . . 1 2 . 1 . 1 . . . . 2 . . . . 1 . . 2 2 2 . 4 . . Parts Rejected 7 | . . . . . . . . . . 1 . . . . . . . . . 2 . . . . 1 . . . 2 . . 1 . . Parts Fused 1 | . . . . . . . . . . . . . . . . . . . . . . . . . . . . . . 1 . . . . Data Loss (minor) 21 | . . . . . . . . . . 3 3 . 1 . . . . . . 2 . . . . 1 . 2 . 2 1 . 2 . 4 Data Loss (major) 10 | . . . . . . . . . . . . . 3 . . . . . . . . . . . 2 . . . 2 . . 1 . 2 Misfires 8 | . . . . . . . . . . 2 . . 1 . . . . . . . . . . . . . 1 . 2 . . 1 . 1 Alerts 1 | . . . . . . . . . . . 1 . . . . . . . . . . . . . . . . . . . . . . . Weapon Failures 6 | . . . . . . . . . . 1 . . . . . . . . . . . . . . . . . . 2 . . 3 . . Overload Shots 7 | . . . . . . . 1 . . . 5 . . . . . . . . . 1 . . . . . . . . . . . . . Overflow Damage 4596 | . 80 . 76 9 . 9 28 43 . 96 80 . 178 . 89 235 . . . 56 171 80 . 26 162 64 436 571 481 72 55 1139 17 343 Projectiles 575 | . . . 3 9 . . 24 9 . 88 37 . . . 75 33 . . . 7 . . . 26 . . 63 . 80 . 1 103 17 . Explosions 4021 | . 80 . 73 . . 9 4 34 . 8 43 . 178 . 14 202 . . . 49 171 80 . . 162 64 373 571 401 72 54 1036 . 343 Melee . | . . . . . . . . . . . . . . . . . . . . . . . . . . . . . . . . . . . Knockbacks 7 | . . . . . . . . . . . . . . . . . . . . . . . . . . . . . . . . . . 7 Impact . | . . . . . . . . . . . . . . . . . . . . . . . . . . . . . . . . . . . Kinetic 7 | . . . . . . . . . . . . . . . . . . . . . . . . . . . . . . . . . . 7 Secondary . | . . . . . . . . . . . . . . . . . . . . . . . . . . . . . . . . . . . Self-Inflicted Damage 3447 | . 96 . 138 . . 6 113 399 . 147 . . 93 . 25 . . . . . 284 101 . . 85 113 386 . 106 45 27 1085 . 198 Shots 89 | . 3 . 9 . . 1 6 19 . 10 . . 4 . 1 . . . . . 4 1 . . 1 2 4 . 2 1 1 18 . 2 Rammed 1 | . . . . . . . . . . . . . . . . . . . . . . . . . . . . . 1 . . . . . Targets Rammed 1 | . . . . . . . . . . . . . . . . . . . . . . . . . . . . . 1 . . . . . Kicked . | . . . . . . . . . . . . . . . . . . . . . . . . . . . . . . . . . . . Crushed . | . . . . . . . . . . . . . . . . . . . . . . . . . . . . . . . . . . . Highest Temperature 369 | . 11 70 198 18 . 9 32 327 108 306 108 . 170 . 323 1 6 42 . 172 42 78 230 202 218 32 361 322 307 172 204 318 162 369 Average Temperature 68 | . 6 36 39 12 . 9 8 71 43 135 28 . 50 . 133 1 4 16 . 47 23 21 75 89 97 19 76 72 115 70 79 77 53 176 Received Heat Transfer 4230 | . 72 . 318 . . 9 261 465 . 162 396 . 96 . 763 61 . 38 . 170 12 79 12 4 103 8 110 64 190 12 58 237 . 530 Effects 9 | . . . . . . . . 3 . . . . . . . . . . . . . . . . . . 3 . . . . 3 . . Shutdowns 1 | . . . . . . . . . . . . . . . . . . . . . . . . . . . 1 . . . . . . . Interference 6 | . . . . . . . . 3 . . . . . . . . . . . . . . . . . . . . . . . 3 . . Matter Decay 1 | . . . . . . . . . . . . . . . . . . . . . . . . . . . 1 . . . . . . . Damage (minor) 1 | . . . . . . . . . . . . . . . . . . . . . . . . . . . 1 . . . . . . . Siege Activations 23 | . . . . . . . . . . . . . . . . . . . . . . . . . . . 9 . 5 . 1 5 . 3 Total Turns 507 | . . . . . . . . . . . . . . . . . . . . . . . . . . . 203 . 84 . 16 88 . 116 Longest Duration 76 | . . . . . . . . . . . . . . . . . . . . . . . . . . . 45 . 43 . 16 36 . 76 Robots Corrupted 1 | . . . . . . . . . . . . . . . . . . . . . . . . . . . . . . . . 1 . . Combat Hostiles . | . . . . . . . . . . . . . . . . . . . . . . . . . . . . . . . . . . . Parts Fried . | . . . . . . . . . . . . . . . . . . . . . . . . . . . . . . . . . . . Impact Corruptions . | . . . . . . . . . . . . . . . . . . . . . . . . . . . . . . . . . . . Robots Melted 13 | . . . . . . . . . . . 1 . . . 2 . . 1 . 1 1 2 . . . . 3 . . . . . . 2 Combat Hostiles 12 | . . . . . . . . . . . 1 . . . 2 . . 1 . 1 . 2 . . . . 3 . . . . . . 2 Parts Melted 1 | . . . . . . . . . . . . . . . . . . . . . . 1 . . . . . . . . . . . . Heat Transferred 29192 | . . . 1543 185 . . 1517 2072 . 1369 2529 . 777 . 4746 2450 50 1700 . 1500 550 1100 1200 500 770 . 2350 . 325 . 151 451 74 1283 Parts Sabotaged 1 | . . . . . . . . . . . . . . . . . . . . . . . . . . . . . . . . 1 . . Parts Stolen . | . . . . . . . . . . . . . . . . . . . . . . . . . . . . . . . . . . . Parts Stripped . | . . . . . . . . . . . . . . . . . . . . . . . . . . . . . . . . . . . Power Chain Reactions 5 | . . . . . . . . . . . . . . . . . . . . . . . . . . . . . 1 . 1 2 . 1 Missiles Intercepted . | . . . . . . . . . . . . . . . . . . . . . . . . . . . . . . . . . . . Alert | -11 -10 -10 -9 -9 -9 -8 -8 -8 -8 -8 -8 -7 -7 -7 -7 -6 -6 -6 -6 -5 -5 -5 -5 -5 -4 -4 -4 -4 -4 -4 -4 -4 -3 -3 ------- Run | Jun Mat Min Mat Min Exi Min Mat Gar Mat Gar Mat Fac Gar Fac Gar Fac Low Low Dat Pro Fac Upp Upp War Pro Fac Gar Fac Ext Cet Arc Hub Res Gar Peak Influence 6286 | . 1044 406 2466 1294 . 332 1096 2315 1181 1988 1794 1100 2582 1355 2170 1949 . . . . 1412 . . . . 566 3119 2997 2705 2059 1398 6286 3527 4456 Initial 3300 | . . 406 157 1100 . . 51 714 1128 767 969 1100 770 1355 954 1138 . . . . 149 . . . . 238 399 1637 1369 1439 1100 489 3300 2502 Average 1771 | . 597 406 1455 1176 . 174 475 1680 1169 1569 1324 1100 2005 1355 1523 1503 . . . . 649 . . . . 426 1998 2316 2048 1711 1284 2907 3403 3717 Maximum Alert Level 5 | . 3 2 5 4 . 1 3 5 4 5 5 4 5 4 5 5 . . . . 4 . . . . 2 5 5 5 5 4 5 5 5 Low Security (%) 3 | . 19 . 3 . . 64 10 . . . . . . . . . . . . . 13 . . . . . . . . . . . . . Level 1 5 | . 15 . 2 . . 35 42 . . . . . . . . . . . . . 25 . . . . 41 . . . . . . . . Level 2 5 | . 14 100 17 . . . 23 . . . . . . . . . . . . . 19 . . . . 58 3 . . . . 14 . . Level 3 11 | . 50 . 17 . . . 23 22 . 6 6 . 11 . 17 . . . . . 25 . . . . . 18 . . . . 8 . . Level 4 22 | . . . 12 100 . . . 14 100 38 87 100 11 100 32 54 . . . . 16 . . . . . 11 . 17 62 100 9 . . Level 5 44 | . . . 17 . . . . 63 . 55 1 . 76 . 50 45 . . . . . . . . . . 65 100 82 8 . 6 88 100 High Security 6 | . . . 30 . . . . . . . 4 . . . . . . . . . . . . . . . . . . 28 . 61 11 . Max Security . | . . . . . . . . . . . . . . . . . . . . . . . . . . . . . . . . . . . Sterilizations 1 | . . . 1 . . . . . . . . . . . . . . . . . . . . . . . . . . . . . . . Squads Dispatched 87 | . 6 . 9 1 . . 8 . . . 12 . . . . 3 . . . 1 6 . . . . 1 . 7 5 . . 22 6 . Investigation 19 | . 3 . 3 1 . . 2 . . . 2 . . . . 1 . . . . 1 . . . . . . 2 . . . 1 3 . Extermination . | . . . . . . . . . . . . . . . . . . . . . . . . . . . . . . . . . . . Reinforcement 24 | . 3 . 3 . . . 2 . . . 5 . . . . 1 . . . . 2 . . . . . . 3 . . . 2 3 . Assault 39 | . . . 3 . . . 1 . . . 5 . . . . 1 . . . 1 1 . . . . 1 . 2 5 . . 19 . . Garrison 5 | . . . . . . . 3 . . . . . . . . . . . . . 2 . . . . . . . . . . . . . Intercept . | . . . . . . . . . . . . . . . . . . . . . . . . . . . . . . . . . . . Searches Triggered . | . . . . . . . . . . . . . . . . . . . . . . . . . . . . . . . . . . . Data Miner Redirects 12 | . . . . . . . . . . . . . . . . . . . . . . . . . . 1 . 3 6 . . 2 . . Construction Impeded 5 | . . . . . . . 1 . . . 1 . . . . . . . . . . . . . . . . 1 . . . 1 1 . Haulers Reinforced 3 | . . . . . . . . . . . . . . . . . . . . . . . . . . . . 2 . . . . 1 . Active Scanning Responses . | . . . . . . . . . . . . . . . . . . . . . . . . . . . . . . . . . . . Cargo Convoy Interrupts . | . . . . . . . . . . . . . . . . . . . . . . . . . . . . . . . . . . . Stealth | -11 -10 -10 -9 -9 -9 -8 -8 -8 -8 -8 -8 -7 -7 -7 -7 -6 -6 -6 -6 -5 -5 -5 -5 -5 -4 -4 -4 -4 -4 -4 -4 -4 -3 -3 --------- Run | Jun Mat Min Mat Min Exi Min Mat Gar Mat Gar Mat Fac Gar Fac Gar Fac Low Low Dat Pro Fac Upp Upp War Pro Fac Gar Fac Ext Cet Arc Hub Res Gar Distress Signals 22 | . 2 . 3 . . . 3 . . . . . . . . . . . . . . . . 4 . . . 1 2 2 . 1 4 . Communications Jammed . | . . . . . . . . . . . . . . . . . . . . . . . . . . . . . . . . . . . Distress Signals . | . . . . . . . . . . . . . . . . . . . . . . . . . . . . . . . . . . . Times Spotted 645 | . 25 . 55 3 . 4 30 36 . 20 42 . 28 . 32 5 1 6 . 22 5 14 5 6 24 6 39 16 40 16 5 123 2 35 Peak Tracking Total 17 | . 8 . 7 2 . 2 4 5 . 7 6 . 7 . 7 3 1 3 . 7 1 9 4 4 10 5 5 6 9 10 2 17 1 8 Tactical Retreats 14 | . 2 . . . . . 1 . . . 1 . . . 1 . . . . 1 1 . . . . . 3 . 2 . . 2 . . Traps | -11 -10 -10 -9 -9 -9 -8 -8 -8 -8 -8 -8 -7 -7 -7 -7 -6 -6 -6 -6 -5 -5 -5 -5 -5 -4 -4 -4 -4 -4 -4 -4 -4 -3 -3 ------- Run | Jun Mat Min Mat Min Exi Min Mat Gar Mat Gar Mat Fac Gar Fac Gar Fac Low Low Dat Pro Fac Upp Upp War Pro Fac Gar Fac Ext Cet Arc Hub Res Gar Traps Triggered 34 | . . . 1 . . . 2 3 . 3 . . 7 . 4 . . . . . 2 . . . . . 3 1 1 . . . . 7 Indirectly . | . . . . . . . . . . . . . . . . . . . . . . . . . . . . . . . . . . . Trap Hack Attempts . | . . . . . . . . . . . . . . . . . . . . . . . . . . . . . . . . . . . Triggered . | . . . . . . . . . . . . . . . . . . . . . . . . . . . . . . . . . . . Disarmed . | . . . . . . . . . . . . . . . . . . . . . . . . . . . . . . . . . . . Reprogrammed . | . . . . . . . . . . . . . . . . . . . . . . . . . . . . . . . . . . . Reused . | . . . . . . . . . . . . . . . . . . . . . . . . . . . . . . . . . . . Traps Extracted . | . . . . . . . . . . . . . . . . . . . . . . . . . . . . . . . . . . . Installed . | . . . . . . . . . . . . . . . . . . . . . . . . . . . . . . . . . . . Triggered 14 | . . . . . . . . . . . . . . . . . . . . . . . . 13 . . . . 1 . . . . . Machines | -11 -10 -10 -9 -9 -9 -8 -8 -8 -8 -8 -8 -7 -7 -7 -7 -6 -6 -6 -6 -5 -5 -5 -5 -5 -4 -4 -4 -4 -4 -4 -4 -4 -3 -3 ---------- Run | Jun Mat Min Mat Min Exi Min Mat Gar Mat Gar Mat Fac Gar Fac Gar Fac Low Low Dat Pro Fac Upp Upp War Pro Fac Gar Fac Ext Cet Arc Hub Res Gar Machines Disabled 310 | . 15 . 43 7 . 8 7 11 3 8 12 . 12 . 8 24 . . . 1 22 2 . 4 7 3 16 11 9 1 2 54 7 13 Max in Single Turn 14 | . 2 . 4 4 . 1 3 2 1 1 2 . 2 . 1 12 . . . . 4 1 . 2 5 3 2 4 2 1 1 14 1 2 Garrison Access 3 | . . . . . . . . . . . . . . . . 1 . . . . 1 . . . . . . . . . . 1 . . Garrison Relay 30 | . . . . . . . . 7 . 6 . . 4 . 6 . . . . . . . . . . . 4 . . . . . . 3 Phase Generator 4 | . . . . . . . . 1 . . . . 1 . . . . . . . . . . . . . 1 . . . . . . 1 Network Hub 2 | . . . . . . . . . . . . . . . . . . . . . . . . . . . . . . . . 2 . . Energy Cycler 2 | . . . . . . . . . . . . . . . . . . . . . . . . . . . . . 2 . . . . . Machines Repaired 5 | . 2 . 1 . . . 1 . . . . . . . . . . . . . . . . . . . . . . . . . 1 . Machines Sabotaged . | . . . . . . . . . . . . . . . . . . . . . . . . . . . . . . . . . . . Overloaded Fab Kills . | . . . . . . . . . . . . . . . . . . . . . . . . . . . . . . . . . . . Hacking | -11 -10 -10 -9 -9 -9 -8 -8 -8 -8 -8 -8 -7 -7 -7 -7 -6 -6 -6 -6 -5 -5 -5 -5 -5 -4 -4 -4 -4 -4 -4 -4 -4 -3 -3 --------- Run | Jun Mat Min Mat Min Exi Min Mat Gar Mat Gar Mat Fac Gar Fac Gar Fac Low Low Dat Pro Fac Upp Upp War Pro Fac Gar Fac Ext Cet Arc Hub Res Gar Machines Accessed 51 | . 3 . 3 1 . . 7 5 1 2 2 1 3 1 1 1 1 . 2 . 2 . . 3 . 1 3 2 . 1 . 1 2 2 Terminals 34 | . 3 . 2 . . . 5 5 . 2 . . 3 . 1 1 . . . . 2 . . . . . 3 2 . 1 . 1 1 2 Fabricators . | . . . . . . . . . . . . . . . . . . . . . . . . . . . . . . . . . . . Repair Stations . | . . . . . . . . . . . . . . . . . . . . . . . . . . . . . . . . . . . Recycling Units . | . . . . . . . . . . . . . . . . . . . . . . . . . . . . . . . . . . . Scanalyzers 4 | . . . 1 . . . 1 . . . 2 . . . . . . . . . . . . . . . . . . . . . . . Garrison Access 6 | . . . . . . . 1 . 1 . . 1 . 1 . . . . . . . . . . . 1 . . . . . . 1 . Total Hacks 126 | . 8 . 8 1 . . 15 8 1 2 2 1 5 1 3 4 1 . 23 . 6 . . 7 . 1 6 5 . 2 . 4 6 6 Successful 81 | . 3 . 4 1 . . 10 4 1 2 2 1 3 1 1 1 1 . 23 . 2 . . 7 . 1 2 1 . . . 2 4 4 Failed 45 | . 5 . 4 . . . 5 4 . . . . 2 . 2 3 . . . . 4 . . . . . 4 4 . 2 . 2 2 2 Catastrophic 12 | . . . . . . . . 1 . . . . 1 . . 1 . . . . 2 . . . . . 3 2 . 1 . . . 1 Database Lockouts . | . . . . . . . . . . . . . . . . . . . . . . . . . . . . . . . . . . . Manual 41 | . 8 . 8 . 1 . 8 . . . 2 . . . . 4 . . . . 1 . . 1 . . . . . 1 . 1 3 3 Terminals 84 | . 8 . 7 . . . 13 8 . 2 . . 5 . 3 4 . . . . 6 . . . . . 6 5 . 2 . 4 5 6 Fabricators . | . . . . . . . . . . . . . . . . . . . . . . . . . . . . . . . . . . . Repair Stations . | . . . . . . . . . . . . . . . . . . . . . . . . . . . . . . . . . . . Recycling Units . | . . . . . . . . . . . . . . . . . . . . . . . . . . . . . . . . . . . Scanalyzers 4 | . . . 1 . . . 1 . . . 2 . . . . . . . . . . . . . . . . . . . . . . . Garrison Access 6 | . . . . . . . 1 . 1 . . 1 . 1 . . . . . . . . . . . 1 . . . . . . 1 . Terminal Hacks 60 | . . . . 1 . . 5 4 . 2 . . 3 . 1 1 1 . 23 . 2 . . 7 . . 2 1 . . . 2 2 3 Record 1 | . . . . . . . . . . . . . . . . . . . . . . . . . . . . . . . . 1 . . Part Schematic 13 | . . . . . . . . . . . . . . . . . . . 13 . . . . . . . . . . . . . . . Robot Schematic 7 | . . . . . . . . . . . . . . . . . . . 7 . . . . . . . . . . . . . . . Robot Analysis 1 | . . . . . . . 1 . . . . . . . . . . . . . . . . . . . . . . . . . . . Prototype ID Bank 10 | . . . . . . . 1 . . . . . . . . . . . 3 . 1 . . 5 . . . . . . . . . . Open Door 7 | . . . . 1 . . . 1 . . . . 1 . 1 . 1 . . . . . . 2 . . . . . . . . . . Branch Access Points 3 | . . . . . . . . . . . . . . . . 1 . . . . 1 . . . . . . 1 . . . . . . Emergency Access Points 6 | . . . . . . . . 1 . 1 . . 1 . . . . . . . . . . . . . 1 . . . . . 1 1 Locate Traps 2 | . . . . . . . . . . . . . . . . . . . . . . . . . . . . . . . . 1 . 1 Zone Layout 4 | . . . . . . . 3 . . . . . . . . . . . . . . . . . . . . . . . . . 1 . Garrison Registry 3 | . . . . . . . . 1 . 1 . . . . . . . . . . . . . . . . 1 . . . . . . . Patrol Navigation 3 | . . . . . . . . 1 . . . . 1 . . . . . . . . . . . . . . . . . . . . 1 Fabricator Hacks . | . . . . . . . . . . . . . . . . . . . . . . . . . . . . . . . . . . . Repair Station Hacks . | . . . . . . . . . . . . . . . . . . . . . . . . . . . . . . . . . . . Recycling Unit Hacks . | . . . . . . . . . . . . . . . . . . . . . . . . . . . . . . . . . . . Scanalyzer . | . . . . . . . . . . . . . . . . . . . . . . . . . . . . . . . . . . . Garrison Access Hacks 6 | . . . . . . . 1 . 1 . . 1 . 1 . . . . . . . . . . . 1 . . . . . . 1 . Unlock Access 6 | . . . . . . . 1 . 1 . . 1 . 1 . . . . . . . . . . . 1 . . . . . . 1 . Unauthorized Hacks 15 | . 3 . 4 . . . 4 . . . 2 . . . . . . . . . . . . . . . . . . . . . 1 1 Terminals 11 | . 3 . 3 . . . 3 . . . . . . . . . . . . . . . . . . . . . . . . . 1 1 Botnet 4 | . . . 1 . . . 2 . . . . . . . . . . . . . . . . . . . . . . . . . . 1 Sabotage 7 | . 3 . 2 . . . 1 . . . . . . . . . . . . . . . . . . . . . . . . . 1 . Fabricators . | . . . . . . . . . . . . . . . . . . . . . . . . . . . . . . . . . . . Repair Stations . | . . . . . . . . . . . . . . . . . . . . . . . . . . . . . . . . . . . Recycling Units . | . . . . . . . . . . . . . . . . . . . . . . . . . . . . . . . . . . . Scanalyzers 4 | . . . 1 . . . 1 . . . 2 . . . . . . . . . . . . . . . . . . . . . . . Extract 4 | . . . 1 . . . 1 . . . 2 . . . . . . . . . . . . . . . . . . . . . . . Garrison Access . | . . . . . . . . . . . . . . . . . . . . . . . . . . . . . . . . . . . Data Cores Recovered 1 | . . . . . . . . . . . . . . . . . . . . . 1 . . . . . . . . . . . . . Used . | . . . . . . . . . . . . . . . . . . . . . . . . . . . . . . . . . . . Hacking Detections 26 | . 2 . 1 . . . 3 3 1 1 . . 2 1 1 1 . . . . 2 . . . . 1 1 2 . 2 . 1 1 . Full Trace Events 10 | . . . . . . . 1 1 . . . . 1 . 1 1 . . . . 1 . . . . . 1 2 . . . 1 . . Feedback Events 2 | . . . . . . . . . . . . . . . 1 . . . . . . . . . . . . 1 . . . . . . Corruption 2 | . . . . . . . . . . . . . . . 1 . . . . . . . . . . . . 1 . . . . . . Feedback Blocked . | . . . . . . . . . . . . . . . . . . . . . . . . . . . . . . . . . . . Robot Schematics Acquired 7 | . . . . . . . . . . . . . . . . . . . 7 . . . . . . . . . . . . . . . Robots Built . | . . . . . . . . . . . . . . . . . . . . . . . . . . . . . . . . . . . Authchips . | . . . . . . . . . . . . . . . . . . . . . . . . . . . . . . . . . . . Time . | . . . . . . . . . . . . . . . . . . . . . . . . . . . . . . . . . . . Total Robot Build Rating . | . . . . . . . . . . . . . . . . . . . . . . . . . . . . . . . . . . . Part Schematics Acquired 23 | . . . 3 . . . 1 . . . 6 . . . . . . . 13 . . . . . . . . . . . . . . . Parts Built . | . . . . . . . . . . . . . . . . . . . . . . . . . . . . . . . . . . . Authchips . | . . . . . . . . . . . . . . . . . . . . . . . . . . . . . . . . . . . Time . | . . . . . . . . . . . . . . . . . . . . . . . . . . . . . . . . . . . Total Part Build Rating . | . . . . . . . . . . . . . . . . . . . . . . . . . . . . . . . . . . . Parts Repaired . | . . . . . . . . . . . . . . . . . . . . . . . . . . . . . . . . . . . Time . | . . . . . . . . . . . . . . . . . . . . . . . . . . . . . . . . . . . Parts Recycled . | . . . . . . . . . . . . . . . . . . . . . . . . . . . . . . . . . . . Recycled Matter . | . . . . . . . . . . . . . . . . . . . . . . . . . . . . . . . . . . . Retrieved Matter . | . . . . . . . . . . . . . . . . . . . . . . . . . . . . . . . . . . . Retrieved Components . | . . . . . . . . . . . . . . . . . . . . . . . . . . . . . . . . . . . Parts Scanalyzed . | . . . . . . . . . . . . . . . . . . . . . . . . . . . . . . . . . . . Part Schematics Acquired . | . . . . . . . . . . . . . . . . . . . . . . . . . . . . . . . . . . . Parts Damaged . | . . . . . . . . . . . . . . . . . . . . . . . . . . . . . . . . . . . Bothacking | -11 -10 -10 -9 -9 -9 -8 -8 -8 -8 -8 -8 -7 -7 -7 -7 -6 -6 -6 -6 -5 -5 -5 -5 -5 -4 -4 -4 -4 -4 -4 -4 -4 -3 -3 ------------ Run | Jun Mat Min Mat Min Exi Min Mat Gar Mat Gar Mat Fac Gar Fac Gar Fac Low Low Dat Pro Fac Upp Upp War Pro Fac Gar Fac Ext Cet Arc Hub Res Gar Used RIF Installer . | . . . . . . . . . . . . . . . . . . . . . . . . . . . . . . . . . . . Robots Hacked . | . . . . . . . . . . . . . . . . . . . . . . . . . . . . . . . . . . . Non-combat . | . . . . . . . . . . . . . . . . . . . . . . . . . . . . . . . . . . . Combat . | . . . . . . . . . . . . . . . . . . . . . . . . . . . . . . . . . . . Robot Hacks Applied . | . . . . . . . . . . . . . . . . . . . . . . . . . . . . . . . . . . . Relay Couplers Released 129 | . . . . . . . . 27 . 24 . . 14 . 27 3 . . . . 2 . . . . . 19 . . . . 2 . 11 Machine Destruction 126 | . . . . . . . . 27 . 24 . . 14 . 24 3 . . . . 2 . . . . . 19 . . . . 2 . 11 Programmers 3 | . . . . . . . . . . . . . . . 3 . . . . . . . . . . . . . . . . . . . Fabnet Peak Effective % . | . . . . . . . . . . . . . . . . . . . . . . . . . . . . . . . . . . . Robots Rewired 23 | . . . . . . . . 5 . 3 . . . . . . . . . 2 . . . 5 . . 2 . 3 . . . . 3 Allies Hacked 2 | . . . . . . . . . . . . . . . . . . . . . . . . . 1 . . . 1 . . . . . Hacks Repelled . | . . . . . . . . . . . . . . . . . . . . . . . . . . . . . . . . . . . Allies | -11 -10 -10 -9 -9 -9 -8 -8 -8 -8 -8 -8 -7 -7 -7 -7 -6 -6 -6 -6 -5 -5 -5 -5 -5 -4 -4 -4 -4 -4 -4 -4 -4 -3 -3 -------- Run | Jun Mat Min Mat Min Exi Min Mat Gar Mat Gar Mat Fac Gar Fac Gar Fac Low Low Dat Pro Fac Upp Upp War Pro Fac Gar Fac Ext Cet Arc Hub Res Gar Total Allies 37 | . . . . 1 . . . 7 . 3 . . 2 . 2 . . . . 3 . . . 5 . . 2 . 4 5 . . . 3 Largest Group 6 | . . . . 1 1 . . 3 . 3 . . 2 . 2 . . . . 2 . . . 5 5 . 2 2 3 6 5 4 . 2 Highest-Rated Group 608 | . . . . 31 31 . . 85 . 54 . . 59 . 51 . . . . 96 . . . 250 250 . 97 97 243 608 512 370 . 75 Highest-Rated Ally 159 | . . . . 31 31 . . 39 . 18 . . 39 . 31 . . . . 96 . . . 65 65 . 51 51 159 143 135 96 . 56 Total Orders 4 | . . . . . . . . 1 . . . . . . . . . . . . . . . . . . . . . . 3 . . . STAY 2 | . . . . . . . . 1 . . . . . . . . . . . . . . . . . . . . . . 1 . . . FOLLOW 2 | . . . . . . . . . . . . . . . . . . . . . . . . . . . . . . . 2 . . . Ally Attacks 254 | . . . . . . . . 26 . 9 . . 16 . 14 . . . . 17 . . . . 10 . 3 2 64 16 12 63 . 2 Total Damage 8887 | . . . . . . . . 583 . 266 . . 250 . 229 . . . . 655 . . . . 264 . 94 41 2252 464 612 3146 . 31 Kills 57 | . . . . . . . . 8 . 1 . . 2 . 2 . . . . 8 . . . . 1 . 2 . 13 4 2 14 . . Allies Corrupted 2 | . . . . . . . . . . . . . . . . . . . . 1 . . . . . . . . 1 . . . . . Allies Melted 1 | . . . . . . . . . . . . . . . 1 . . . . . . . . . . . . . . . . . . . Intel | -11 -10 -10 -9 -9 -9 -8 -8 -8 -8 -8 -8 -7 -7 -7 -7 -6 -6 -6 -6 -5 -5 -5 -5 -5 -4 -4 -4 -4 -4 -4 -4 -4 -3 -3 ------- Run | Jun Mat Min Mat Min Exi Min Mat Gar Mat Gar Mat Fac Gar Fac Gar Fac Low Low Dat Pro Fac Upp Upp War Pro Fac Gar Fac Ext Cet Arc Hub Res Gar Robot Analysis Total 1 | . . . . . . . 1 . . . . . . . . . . . . . . . . . . . . . . . . . . . Derelict Logs Recovered . | . . . . . . . . . . . . . . . . . . . . . . . . . . . . . . . . . . . Drone Launches . | . . . . . . . . . . . . . . . . . . . . . . . . . . . . . . . . . . . Drone Recoveries . | . . . . . . . . . . . . . . . . . . . . . . . . . . . . . . . . . . . Exploration | -11 -10 -10 -9 -9 -9 -8 -8 -8 -8 -8 -8 -7 -7 -7 -7 -6 -6 -6 -6 -5 -5 -5 -5 -5 -4 -4 -4 -4 -4 -4 -4 -4 -3 -3 ------------- Run | Jun Mat Min Mat Min Exi Min Mat Gar Mat Gar Mat Fac Gar Fac Gar Fac Low Low Dat Pro Fac Upp Upp War Pro Fac Gar Fac Ext Cet Arc Hub Res Gar Turns Passed 23020 | . 232 40 1807 342 175 496 990 1717 77 1340 1347 36 1368 30 1252 311 327 467 95 693 516 552 601 921 782 284 1671 422 924 277 148 868 506 1406 Spaces Moved 12023 | 1 289 36 1063 279 195 406 523 1010 46 792 467 31 832 25 593 194 240 291 74 255 263 333 384 597 383 122 560 159 273 130 40 272 254 611 Core 403 | 1 289 36 77 . . . . . . . . . . . . . . . . . . . . . . . . . . . . . . . Treads 1518 | . . . . . . . . . . . . . . . . . . . . . . . . . 191 122 560 159 273 2 2 154 . 55 Legs . | . . . . . . . . . . . . . . . . . . . . . . . . . . . . . . . . . . . Wheels 10102 | . . . 986 279 195 406 523 1010 46 792 467 31 832 25 593 194 240 291 74 255 263 333 384 597 192 . . . . 128 38 118 254 556 Hover . | . . . . . . . . . . . . . . . . . . . . . . . . . . . . . . . . . . . Flight . | . . . . . . . . . . . . . . . . . . . . . . . . . . . . . . . . . . . Fastest Speed 50 | 50 50 50 90 90 90 90 120 115 115 115 115 115 115 115 100 115 115 130 130 130 130 145 145 145 145 225 225 225 225 170 170 150 150 130 Average Speed 137 | 50 50 104 108 90 90 103 128 115 115 129 126 115 115 115 119 115 128 130 130 130 138 145 145 145 184 225 225 225 250 172 172 199 169 146 Slowest Speed 305 | 50 50 200 250 90 90 105 165 130 115 130 130 115 115 115 130 115 130 130 130 130 145 145 145 145 225 225 225 225 305 305 225 225 170 225 Overloaded Moves . | . . . . . . . . . . . . . . . . . . . . . . . . . . . . . . . . . . . Propulsion Burnouts . | . . . . . . . . . . . . . . . . . . . . . . . . . . . . . . . . . . . Robots Hopped . | . . . . . . . . . . . . . . . . . . . . . . . . . . . . . . . . . . . Cave-ins Triggered 1 | . . . . . . . . . . . . . 1 . . . . . . . . . . . . . . . . . . . . . Exploration Rate (%) 50 | 2 61 19 95 71 60 90 61 87 10 79 33 2 94 1 74 10 46 56 68 41 10 57 62 91 67 5 83 9 60 60 66 52 12 73 Regions Visited 34 Branch Regions 16 Pre-discovered Areas 1 | . . . . . . . . . . . . . . . . . 1 . . . . . . . . . . . . . . . . . Known Exits Taken 14 | . . . 1 1 1 1 1 . 1 . . 1 . 1 . 1 . . . . 1 . . . . 1 . 1 . . . 1 1 . Unknown Exits Taken 15 | 1 1 1 . . . . . . . . 1 . . . . . 1 1 1 1 . 1 1 1 1 . . . 1 1 1 . . . Scrap Searched . | . . . . . . . . . . . . . . . . . . . . . . . . . . . . . . . . . . . Spaces Dug 214 | . . . 26 . . . 22 . 4 . 16 . 2 . . 6 2 8 . 6 6 . 6 . . . . . . . . 41 65 4 Terrain Destroyed 8317 | . 176 . 698 38 . 121 521 93 11 156 194 . 743 . 128 112 4 11 . 96 573 157 10 13 222 90 991 490 373 252 21 1522 70 431 Melee . | . . . . . . . . . . . . . . . . . . . . . . . . . . . . . . . . . . . Projectile 243 | . . . 16 5 . . 26 1 11 . 33 . . . 9 17 4 11 . 10 8 5 10 . 5 . 7 1 9 1 6 9 12 27 AOE 8074 | . 176 . 682 33 . 121 495 92 . 156 161 . 743 . 119 95 . . . 86 565 152 . 13 217 90 984 489 364 251 15 1513 58 404 Terrain Rammed . | . . . . . . . . . . . . . . . . . . . . . . . . . . . . . . . . . . . Walls Destroyed . | . . . . . . . . . . . . . . . . . . . . . . . . . . . . . . . . . . . Machines Disabled . | . . . . . . . . . . . . . . . . . . . . . . . . . . . . . . . . . . . Actions | -11 -10 -10 -9 -9 -9 -8 -8 -8 -8 -8 -8 -7 -7 -7 -7 -6 -6 -6 -6 -5 -5 -5 -5 -5 -4 -4 -4 -4 -4 -4 -4 -4 -3 -3 --------- Run | Jun Mat Min Mat Min Exi Min Mat Gar Mat Gar Mat Fac Gar Fac Gar Fac Low Low Dat Pro Fac Upp Upp War Pro Fac Gar Fac Ext Cet Arc Hub Res Gar Total 16834 | . 340 38 1530 356 194 465 711 1411 54 980 1089 31 1212 26 982 224 254 334 73 567 355 366 401 637 437 130 891 197 432 174 97 539 307 1000 Wait 2845 | . 17 . 335 67 . 35 106 185 . 70 530 . 237 . 268 1 5 20 . 257 42 9 . 21 21 3 226 2 49 9 32 74 28 196 Move 11990 | . 288 35 1062 278 194 405 523 1009 46 791 466 31 830 25 590 193 239 290 73 254 262 332 383 596 382 122 558 158 272 129 39 271 253 611 Hop . | . . . . . . . . . . . . . . . . . . . . . . . . . . . . . . . . . . . Pick Up 28 | . . . . . . 1 . 1 . 1 1 . . . 1 . 2 . . 2 . . . . 2 . 1 . 2 1 3 4 1 5 Fast Attach 16 | . . . . . . . 2 1 . 1 . . 1 . . . 1 . . 2 1 . . . 2 . . . 3 . . 1 1 . Attach 52 | . . . 5 . . 2 . 2 . 1 2 . . . 8 . 1 . . 1 1 . . 1 . . 1 . 5 2 3 9 . 8 Detach 48 | . . 1 7 . . 3 . 1 . . 4 . 5 . 4 1 1 1 . . . 1 . . . . 2 . 4 2 . 5 1 5 Swap 126 | . . . 11 2 . 3 5 12 . 3 7 . 7 . 6 . . . . 2 1 5 . 2 4 1 14 3 7 8 . 16 3 4 Drop 81 | . . . . 2 . 3 4 7 . 2 5 . 4 1 5 . 2 . . 2 1 . 1 . 6 2 2 1 6 2 3 6 6 8 Fire 1322 | . 35 2 110 7 . 13 71 79 8 66 74 . 71 . 84 29 3 23 . 26 39 19 17 17 20 2 75 33 73 21 17 153 14 121 Melee . | . . . . . . . . . . . . . . . . . . . . . . . . . . . . . . . . . . . Ram . | . . . . . . . . . . . . . . . . . . . . . . . . . . . . . . . . . . . Kick . | . . . . . . . . . . . . . . . . . . . . . . . . . . . . . . . . . . . Crush 1 | . . . . . . . . . . . . . . . . . . . . . . . . . . . . . 1 . . . . . Escape Stasis 147 | . . . . . . . . 14 . 16 . . 57 . 16 . . . . . 8 . . . . . 4 . . . . . . 32 Rewire 178 | . . . . . . . . 100 . 29 . . . . . . . . . 21 . . . . . . 8 . 10 . . . . 10 Trap . | . . . . . . . . . . . . . . . . . . . . . . . . . . . . . . . . . . . Miscellaneous . | . . . . . . . . . . . . . . . . . . . . . . . . . . . . . . . . . . . Route ------- -11/Junkyard -10/Materials (discovered 2 exits: *Mat / [*Min]) -10/Mines -9/Materials (discovered 4 exits: *Mat x3 / *Min) -9/Mines (discovered 2 exits: *Exi / [*Zio]) -9/Exiles -8/Mines -8/Materials (discovered 3 exits: *Fac x2 / Gar) -8/Garrison (discovered 4 exits: *Mat x4) -8/Materials -8/Garrison (discovered 3 exits: *Mat x3) -8/Materials -7/Factory -7/Garrison (discovered 3 exits: *Fac x3) -7/Factory -7/Garrison (discovered 3 exits: *Fac x3) -6/Factory (discovered 3 exits: *Fac / *Low x2) -6/Lower Caves -6/Lower Caves -6/Data Miner -5/Proximity Caves -5/Factory (discovered 2 exits: *Upp x2) -5/Upper Caves -5/Upper Caves (discovered 2 exits: *Fac / *War) -5/Warlord -4/Proximity Caves -4/Factory -4/Garrison (discovered 3 exits: *Fac x3) -4/Factory (discovered 4 exits: Upp x2 / *Ext x2) -4/Extension (discovered 3 exits: *Res x2 / *Cet) -4/Cetus (discovered 2 exits: *Res / [*Arc]) -4/Archives -4/Hub_04(d) (discovered 2 exits: *Res x2) -3/Research -3/Garrison (discovered 3 exits: [*Res x3]) History --------- Turn | Location | Event 1 | -11/Junkyard | Discovered new exit (range 0) 1 | -11/Junkyard | Entered Materials 50 | -10/Materials | Discovered new exit (range 6) 148 | -10/Materials | Destroyed 9 combat bots 163 | -10/Materials | Discovered new exit (range 14) 177 | -10/Materials | Core integrity fell below 50% 233 | -10/Materials | Entered Mines 237 | -10/Mines | Met a Derelict bent on vengeance 244 | -10/Mines | Discovered new exit (range 16) 246 | -10/Mines | Excavation squad dispatched 246 | -10/Mines | A large section of the Mines collapsed 273 | -10/Mines | Entered Materials 273 | -9/Materials | Evolved 2 slots: Utility x2 311 | -9/Materials | Build established: Mutant 593 | -9/Materials | Discovered new exit (range 4) 673 | -9/Materials | First assault squad dispatched 812 | -9/Materials | Destroyed 7 combat bots 1082 | -9/Materials | Discovered new exit (range 3) 1153 | -9/Materials | Destroyed 9 combat bots 1217 | -9/Materials | Discovered new exit (range 6) 1527 | -9/Materials | High security lockdown imminent 1537 | -9/Materials | Sterilization system engaged 1537 | -9/Materials | Non-combat units ordered to evacuate 1637 | -9/Materials | Combat units ordered to evacuate 1837 | -9/Materials | Ambient heat levels rising (+10) 1924 | -9/Materials | Identified exit to Materials 1987 | -9/Materials | Ambient heat levels rising (+10) 2061 | -9/Materials | Discovered new exit (range 6) 2079 | -9/Materials | Identified exit to Mines 2080 | -9/Materials | Entered Mines 2081 | -9/Mines | Assembled infested the area 2241 | -9/Mines | Met a Derelict shopkeep closing up shop 2275 | -9/Mines | Joined a pair of Derelicts in attacking an 0b10 outpost 2333 | -9/Mines | Received a Mining Laser from a helpful Derelict 2400 | -9/Mines | A Derelict revealed a hidden shortcut to a safe place 2412 | -9/Mines | Discovered new exit (range 5) 2417 | -9/Mines | Identified exit to Exiles 2422 | -9/Mines | Entered Exiles 2422 | -9/Exiles | Accompanied by 1 ally 2445 | -9/Exiles | Met 8R-AWN 2459 | -9/Exiles | Met EX-HEX 2486 | -9/Exiles | Met EX-BIN 2496 | -9/Exiles | Aligned with FarCom system 2497 | -9/Exiles | Given EX-Vault access code 2518 | -9/Exiles | Opened EX-Vault 2532 | -9/Exiles | Warned to stay clear of 0b10 Research branches 2557 | -9/Exiles | Met EX-DEC 2587 | -9/Exiles | Discovered new exit (range 14) 2596 | -9/Exiles | Identified exit to Mines 2597 | -9/Exiles | Entered Mines 2970 | -8/Mines | Found Exp. Powered Armor 3085 | -8/Mines | Discovered exit to Materials (range 8) 3093 | -8/Mines | Entered Materials 3093 | -8/Materials | Evolved 2 slots: Power x1, Utility x1 3590 | -8/Materials | Discovered new exit (range 16) 3810 | -8/Materials | Found Rocket Array 3820 | -8/Materials | Garrison activated, responded to threat 3893 | -8/Materials | First assault squad dispatched 3897 | -8/Materials | Found Rocket Array 3971 | -8/Materials | Discovered new exit (range 15) 4083 | -8/Materials | Identified exit to Garrison 4083 | -8/Materials | Entered Garrison 4100 | -8/Garrison | Triggered checkpoint 4164 | -8/Garrison | Triggered checkpoint 4193 | -8/Garrison | Garrison Relay disabled 4199 | -8/Garrison | Destroyed 7 combat bots 4320 | -8/Garrison | Triggered checkpoint 4320 | -8/Garrison | Garrison Relay disabled 4402 | -8/Garrison | Triggered checkpoint 4458 | -8/Garrison | Triggered checkpoint 4458 | -8/Garrison | Triggered checkpoint 4482 | -8/Garrison | Triggered checkpoint 4507 | -8/Garrison | Destroyed 7 combat bots 4618 | -8/Garrison | Garrison Relay disabled 4671 | -8/Garrison | Rescued a captive Derelict 4672 | -8/Garrison | Rescued a captive Derelict 4695 | -8/Garrison | Garrison Relay disabled 4775 | -8/Garrison | Phase Generator disabled 4830 | -8/Garrison | Discovered new exit (range 5) 4939 | -8/Garrison | Triggered checkpoint 4996 | -8/Garrison | Triggered checkpoint 5002 | -8/Garrison | Discovered new exit (range 5) 5167 | -8/Garrison | Discovered new exit (range 66) 5167 | -8/Garrison | Discovered new exit (range 27) 5167 | -8/Garrison | Discovered new exit (range 30) 5167 | -8/Garrison | Discovered new exit (range 44) 5549 | -8/Garrison | Garrison Relay disabled 5646 | -8/Garrison | Triggered checkpoint 5669 | -8/Garrison | Garrison Relay disabled 5678 | -8/Garrison | Core integrity fell below 50% 5800 | -8/Garrison | Entered Materials 5877 | -8/Materials | Identified exit to Garrison 5877 | -8/Materials | Entered Garrison 5881 | -8/Garrison | Triggered checkpoint 5939 | -8/Garrison | Triggered checkpoint 5939 | -8/Garrison | Triggered checkpoint 5962 | -8/Garrison | Triggered checkpoint 5992 | -8/Garrison | Destroyed 15 combat bots 6005 | -8/Garrison | Triggered checkpoint 6058 | -8/Garrison | Discovered new exit (range 10) 6084 | -8/Garrison | Triggered checkpoint 6139 | -8/Garrison | Garrison Relay disabled 6227 | -8/Garrison | Triggered checkpoint 6246 | -8/Garrison | Garrison Relay disabled 6479 | -8/Garrison | Garrison Relay disabled 6556 | -8/Garrison | Garrison Relay disabled 6560 | -8/Garrison | Triggered checkpoint 6736 | -8/Garrison | Discovered new exit (range 10) 6778 | -8/Garrison | Discovered new exit (range 72) 6778 | -8/Garrison | Discovered new exit (range 14) 6778 | -8/Garrison | Discovered new exit (range 72) 6887 | -8/Garrison | Triggered checkpoint 6936 | -8/Garrison | Garrison Relay disabled 7141 | -8/Garrison | Garrison Relay disabled 7217 | -8/Garrison | Entered Materials 7617 | -8/Materials | First assault squad dispatched 8354 | -8/Materials | Discovered new exit (range 11) 8453 | -8/Materials | Core integrity fell below 20% 8504 | -8/Materials | High security lockdown imminent 8547 | -8/Materials | Destroyed 7 combat bots 8564 | -8/Materials | Entered Factory 8564 | -7/Factory | Evolved 2 slots: Utility x2 8600 | -7/Factory | Identified exit to Garrison 8600 | -7/Factory | Entered Garrison 8645 | -7/Garrison | Phase Generator disabled 8750 | -7/Garrison | Triggered checkpoint 8753 | -7/Garrison | Triggered checkpoint 8753 | -7/Garrison | Triggered checkpoint 8783 | -7/Garrison | Destroyed 10 combat bots 8787 | -7/Garrison | Garrison Relay disabled 8830 | -7/Garrison | Rescued a captive Derelict 8831 | -7/Garrison | Rescued a captive Derelict 8946 | -7/Garrison | Destroyed 10 combat bots 8966 | -7/Garrison | Triggered checkpoint 9065 | -7/Garrison | Garrison Relay disabled 9094 | -7/Garrison | Discovered new exit (range 11) 9120 | -7/Garrison | Crushed by falling debris 9314 | -7/Garrison | Triggered checkpoint 9321 | -7/Garrison | Discovered new exit (range 14) 9625 | -7/Garrison | Discovered new exit (range 8) 9968 | -7/Garrison | Entered Factory 9998 | -7/Factory | Identified exit to Garrison 9998 | -7/Factory | Entered Garrison 10059 | -7/Garrison | Garrison Relay disabled 10299 | -7/Garrison | Build established: Hacker-Mutant 10382 | -7/Garrison | Triggered checkpoint 10394 | -7/Garrison | Garrison Relay disabled 10522 | -7/Garrison | Rescued a captive Derelict 10527 | -7/Garrison | Rescued a captive Derelict 10530 | -7/Garrison | Triggered checkpoint 10537 | -7/Garrison | Discovered new exit (range 11) 10608 | -7/Garrison | Build established: Mutant 10690 | -7/Garrison | Spotted B-75 Beast 10736 | -7/Garrison | Destroyed B-75 Beast 10775 | -7/Garrison | Garrison Relay disabled 10793 | -7/Garrison | Lost 8 parts (1n5u2w) 10825 | -7/Garrison | Discovered new exit (range 14) 10889 | -7/Garrison | Attempted to access garrison exit controls, blocked by remote lockdown 10924 | -7/Garrison | Triggered checkpoint 10937 | -7/Garrison | Garrison Relay disabled 11002 | -7/Garrison | Triggered checkpoint 11031 | -7/Garrison | Triggered checkpoint 11068 | -7/Garrison | Garrison Relay disabled 11088 | -7/Garrison | Discovered new exit (range 15) 11104 | -7/Garrison | Attempted to access garrison exit controls, blocked by remote lockdown 11160 | -7/Garrison | Core integrity fell below 50% 11250 | -7/Garrison | Entered Factory 11250 | -6/Factory | Evolved 2 slots: Power x1, Utility x1 11344 | -6/Factory | Identified exit to Lower Caves 11492 | -6/Factory | Discovered new exit (range 16) 11561 | -6/Factory | Entered Lower Caves 11587 | -6/Lower Caves | Met a Warlord Commander 11587 | -6/Lower Caves | Encountered a Warlord checkpoint 11588 | -6/Lower Caves | Learned location of Warlord (-5) 11596 | -6/Lower Caves | Found Encrypted Comm Array 11647 | -6/Lower Caves | Build established: Hacker-Mutant 11867 | -6/Lower Caves | Discovered new exit (range 15) 11888 | -6/Lower Caves | Entered another Lower Caves area 12190 | -6/Lower Caves | Spotted B-75 Beast 12233 | -6/Lower Caves | Destroyed B-75 Beast 12345 | -6/Lower Caves | Discovered new exit (range 7) 12355 | -6/Lower Caves | Entered Data Miner 12355 | -6/Data Miner | Discovered new exit (range 6) 12380 | -6/Data Miner | Met Data Miner 12422 | -6/Data Miner | Received God Mode back door access code from Data Miner 12450 | -6/Data Miner | Entered Proximity Caves 12504 | -5/Proximity Caves | Build established: Mutant 12561 | -5/Proximity Caves | Escorted by Enhanced Grunt 12568 | -5/Proximity Caves | Attracted the attention of an 0b10 outpost 12665 | -5/Proximity Caves | Destroyed 11 combat bots 12720 | -5/Proximity Caves | Found Exp. Actuator Array 12767 | -5/Proximity Caves | Attracted the attention of an 0b10 checkpoint 12963 | -5/Proximity Caves | Discovered new exit (range 8) 12987 | -5/Proximity Caves | Received a Behemoth hack from an annoying Tinkerer 13143 | -5/Proximity Caves | Entered Factory 13143 | -5/Factory | Evolved 2 slots: Utility x2 13490 | -5/Factory | Identified exit to Upper Caves 13659 | -5/Factory | Entered Upper Caves 13661 | -5/Upper Caves | Attracted the attention of an 0b10 checkpoint 13933 | -5/Upper Caves | Attracted the attention of an 0b10 outpost 13973 | -5/Upper Caves | Destroyed 9 combat bots 14192 | -5/Upper Caves | Discovered new exit (range 12) 14211 | -5/Upper Caves | Entered another Upper Caves area 14282 | -5/Upper Caves | Discovered new exit (range 15) 14511 | -5/Upper Caves | Spotted B-75 Beast 14643 | -5/Upper Caves | Destroyed B-75 Beast 14789 | -5/Upper Caves | Discovered new exit (range 15) 14812 | -5/Upper Caves | Entered Warlord 15251 | -5/Warlord | Visited the Vortex Lab 15265 | -5/Warlord | Warlord's base attacked by MAIN.C 15457 | -5/Warlord | Met Warlord 15615 | -5/Warlord | Warlord forces counterattacked 15681 | -5/Warlord | Opened side exit 15710 | -5/Warlord | Discovered new exit (range 9) 15733 | -5/Warlord | Entered Proximity Caves 15733 | -4/Proximity Caves | Accompanied by 5 allies 15925 | -4/Proximity Caves | Build established: Commander-Mutant 15947 | -4/Proximity Caves | P-70 Sage assimilated allied Disruptor 6a 16044 | -4/Proximity Caves | Found AEGIS Remote Shield 16252 | -4/Proximity Caves | Build established: Mutant 16259 | -4/Proximity Caves | Attracted the attention of an 0b10 base 16297 | -4/Proximity Caves | Destroyed 16 combat bots 16502 | -4/Proximity Caves | Discovered new exit (range 7) 16515 | -4/Proximity Caves | Entered Factory 16515 | -4/Factory | Evolved 2 slots: Utility x2 16765 | -4/Factory | First assault squad dispatched 16780 | -4/Factory | Incoming assault squad redirected 16799 | -4/Factory | Identified exit to Garrison 16799 | -4/Factory | Entered Garrison 17032 | -4/Garrison | Triggered checkpoint 17033 | -4/Garrison | Garrison Relay disabled 17232 | -4/Garrison | Triggered checkpoint 17234 | -4/Garrison | Triggered checkpoint 17331 | -4/Garrison | Triggered checkpoint 17418 | -4/Garrison | Phase Generator disabled 17477 | -4/Garrison | Discovered new exit (range 16) 17549 | -4/Garrison | Discovered new exit (range 9) 17549 | -4/Garrison | Discovered new exit (range 40) 17549 | -4/Garrison | Discovered new exit (range 72) 17592 | -4/Garrison | Triggered checkpoint 17780 | -4/Garrison | Triggered checkpoint 17782 | -4/Garrison | Spotted Executioner 17786 | -4/Garrison | Spotted Executioner 17794 | -4/Garrison | Destroyed Executioner 17799 | -4/Garrison | Destroyed Executioner 18144 | -4/Garrison | Triggered checkpoint 18282 | -4/Garrison | Attempted to access garrison exit controls, blocked by remote lockdown 18352 | -4/Garrison | Triggered checkpoint 18470 | -4/Garrison | Entered Factory 18470 | -4/Factory | Accompanied by 2 allies 18515 | -4/Factory | Incoming investigation squad redirected 18605 | -4/Factory | Destroyed 8 combat bots 18635 | -4/Factory | Identified exit to Upper Caves 18635 | -4/Factory | Identified exit to Extension 18720 | -4/Factory | First assault squad dispatched 18736 | -4/Factory | Incoming assault squad redirected 18745 | -4/Factory | Incoming assault squad redirected 18892 | -4/Factory | Entered Extension 18902 | -4/Extension | Disrupted transfer network 18998 | -4/Extension | Found Adv. Powered Armor 19073 | -4/Extension | Destroyed 7 combat bots 19142 | -4/Extension | First assault squad dispatched 19164 | -4/Extension | Energy Cycler disabled 19164 | -4/Extension | Rescued a captive Derelict 19167 | -4/Extension | Rescued A7 19167 | -4/Extension | Rescued a captive Derelict 19172 | -4/Extension | Incoming assault squad redirected 19195 | -4/Extension | Rescued a captive Derelict 19240 | -4/Extension | Incoming assault squad redirected 19251 | -4/Extension | Incoming assault squad redirected 19337 | -4/Extension | Spotted B-86 Titan 19339 | -4/Extension | Spotted B-86 Titan 19358 | -4/Extension | Destroyed B-86 Titan 19376 | -4/Extension | Allies destroyed B-86 Titan 19407 | -4/Extension | Discovered new exit (range 15) 19410 | -4/Extension | Incoming assault squad redirected 19412 | -4/Extension | Found Adv. Powered Armor 19413 | -4/Extension | Incoming assault squad redirected 19659 | -4/Extension | Incoming assault squad redirected 19699 | -4/Extension | Destroyed 10 combat bots 19764 | -4/Extension | Discovered new exit (range 16) 19768 | -4/Extension | Discovered new exit (range 15) 19816 | -4/Extension | Entered Cetus 19816 | -4/Cetus | Accompanied by 1 ally (A7) 19821 | -4/Cetus | Acquired a Cetus Manufacturing Module code from A7 19824 | -4/Cetus | Found Fusion Bomb Launcher 19826 | -4/Cetus | Found Launcher Loader 19828 | -4/Cetus | Found Centrium Heavy Armor Plating 19844 | -4/Cetus | Spotted Cetus Guard 19845 | -4/Cetus | Spotted Cetus Guard 19845 | -4/Cetus | Spotted Cetus Guard 19856 | -4/Cetus | Allies destroyed Cetus Guard 19857 | -4/Cetus | Destroyed Cetus Guard 19861 | -4/Cetus | Spotted Cetus Guard 19862 | -4/Cetus | Allies destroyed Cetus Guard 19939 | -4/Cetus | Started Cetus Manufacturing Module 19959 | -4/Cetus | Discovered new exit (range 16) 19964 | -4/Cetus | Manufactured an Enhanced Grunt 19988 | -4/Cetus | Spotted Cetus Guard 19988 | -4/Cetus | Spotted Cetus Guard 19989 | -4/Cetus | Manufactured an Enhanced Grunt 19989 | -4/Cetus | Spotted Cetus Guard 19997 | -4/Cetus | Destroyed Cetus Guard 20000 | -4/Cetus | Allies destroyed Cetus Guard 20007 | -4/Cetus | Spotted Cetus Guard 20012 | -4/Cetus | Allies destroyed Cetus Guard 20013 | -4/Cetus | High security lockdown imminent 20013 | -4/Cetus | Destroyed Cetus Guard 20014 | -4/Cetus | Manufactured an Enhanced Grunt 20024 | -4/Cetus | Discovered new exit (range 15) 20032 | -4/Cetus | Met Revision 17 20034 | -4/Cetus | Destroyed 9 combat bots 20039 | -4/Cetus | Manufactured an Enhanced Grunt 20064 | -4/Cetus | Manufactured an Enhanced Grunt 20093 | -4/Cetus | High security lockdown engaged 20093 | -4/Cetus | Entered Archives 20093 | -4/Archives | Accompanied by 5 allies (A7) 20216 | -4/Archives | Discovered new exit (range 16) 20241 | -4/Archives | Entered Hub_04(d) 20241 | -4/Hub_04(d) | Accompanied by 4 allies 20348 | -4/Hub_04(d) | Build established: Commander-Mutant 20491 | -4/Hub_04(d) | First assault squad dispatched 20506 | -4/Hub_04(d) | Incoming assault squad redirected 20545 | -4/Hub_04(d) | Incoming assault squad redirected 20547 | -4/Hub_04(d) | Discovered new exit (range 8) 20578 | -4/Hub_04(d) | High security lockdown imminent 20587 | -4/Hub_04(d) | Destroyed 18 combat bots 20588 | -4/Hub_04(d) | Identified exit to Research 20658 | -4/Hub_04(d) | High security lockdown engaged 20697 | -4/Hub_04(d) | Disrupted transfer network 20766 | -4/Hub_04(d) | Destroyed 20 combat bots 20793 | -4/Hub_04(d) | Network Hub disabled 20798 | -4/Hub_04(d) | Found Tactical Quantum Warhead 20819 | -4/Hub_04(d) | Build established: Mutant 20876 | -4/Hub_04(d) | Destroyed 21 combat bots 20885 | -4/Hub_04(d) | Lost 3 parts (1p2u) 20914 | -4/Hub_04(d) | Discovered exit to Research (range 15) 21002 | -4/Hub_04(d) | Lost 4 parts (4u) 21006 | -4/Hub_04(d) | Destroyed 20 combat bots 21031 | -4/Hub_04(d) | Spotted Lightning 21032 | -4/Hub_04(d) | Network Hub disabled 21033 | -4/Hub_04(d) | Spotted Lightning 21034 | -4/Hub_04(d) | Destroyed Lightning 21037 | -4/Hub_04(d) | Destroyed Lightning 21038 | -4/Hub_04(d) | System corruption reached 10% 21038 | -4/Hub_04(d) | Destroyed Lightning 21062 | -4/Hub_04(d) | Destroyed 7 combat bots 21066 | -4/Hub_04(d) | Destroyed Lightning 21069 | -4/Hub_04(d) | Destroyed Lightning 21095 | -4/Hub_04(d) | Lost 3 parts (3u) 21098 | -4/Hub_04(d) | Destroyed 9 combat bots 21104 | -4/Hub_04(d) | Spotted Lightning 21109 | -4/Hub_04(d) | Entered Research 21109 | -3/Research | Evolved 2 slots: Utility x2 21140 | -3/Research | Spotted B-86 Titan 21309 | -3/Research | Revision forces began assault on 0b10 21403 | -3/Research | Met up with Revision 17++ 21559 | -3/Research | High security lockdown imminent 21603 | -3/Research | Identified exit to Garrison 21615 | -3/Research | Entered Garrison 21784 | -3/Garrison | Triggered checkpoint 21830 | -3/Garrison | Triggered checkpoint 21830 | -3/Garrison | Triggered checkpoint 21837 | -3/Garrison | Destroyed B-86 Titan 21858 | -3/Garrison | Destroyed 12 combat bots 21868 | -3/Garrison | Triggered checkpoint 21879 | -3/Garrison | Triggered checkpoint 21891 | -3/Garrison | Build established: Hacker-Mutant 21917 | -3/Garrison | Destroyed 8 combat bots 22038 | -3/Garrison | Garrison Relay disabled 22067 | -3/Garrison | Phase Generator disabled 22090 | -3/Garrison | Discovered new exit (range 3) 22227 | -3/Garrison | Discovered new exit (range 13) 22273 | -3/Garrison | Triggered checkpoint 22328 | -3/Garrison | Triggered checkpoint 22374 | -3/Garrison | Destroyed 7 combat bots 22378 | -3/Garrison | Lost 3 parts (2u1w) 22594 | -3/Garrison | Garrison Relay disabled 22713 | -3/Garrison | Discovered new exit (range 12) 22803 | -3/Garrison | Build established: Mutant 22920 | -3/Garrison | Triggered checkpoint 23021 | -3/Garrison | Self-destructed Last Messages --------------- 22990_ G-67 Veteran knocked back. 22991_ Acquired 5 matter. 22993_ G-67 Veteran destroyed. 22994_ Acquired 5 matter. 22995_ G-67 Veteran suffers critical hit (Blast). 22995_ G-67 Veteran destroyed. 22996_ Acquired 5 matter. 23004_ Attempting to rewire JA-OHZ(b). 23006_ JA-OHZ(b) rewired. 23007_ Attempting to rewire 8O-MKK(g). 23011_ 8O-MKK(g) rewired. 23014_ System corrupted: Substantial component data lost. [You open your loot box...] [Congratulations on your very own Adv. Particle Accelerator!] [You open your loot box...] [Congratulations on your very own Com. Mass Driver!] [You open your loot box...] [Congratulations on your very own Biometal Heavy Treads!] [You open your loot box...] [Congratulations on your very own Quantum Reactor!] Map ----- +----------------------------------------------------+ | ???# ####### # #???# ######## ### #????????? | | ???# #???# #??????# #?# #????????? | | ???# ####### ####???# #??????# #?# #????????? | | ???# #?????# #??????# ####???# #?# #????????? | | #### ####### #??????# ##T##### ### ########## | | #??????# # | | #??????# # | | #??????####### #######""####### # | | #### ###########????????????# ######## #?????# # | | #### ###????????????????????# ## #?????# # | | # ###??????????????????# ## #####"###???# # | | # # ##?????????????????# ## #???# #"#???# # | | %%#?????????????????#%## #???# "#???# # | | # #%##?????????????????#%## #???# !"#???# | | ##### ####??????????????????# ## #???# !!#???# < | | ##### %###???????????????????#%## ##### #"##### | | % #???????????????????# ### ####+ | | % % #??????????????????###% ## # # ## | | "% "##????????????????????# # # | | """""""""#?????????????????????## ### | | ##########??????????????????????# ## # # | | ???????????????????????#######??# ## | | ???????????????????????# # #### ### # | | ???????????????????????# % "" | | ???????????????????????#%g ######## | | ???????????????????????#b@ ###????# " | | ???????????????????????#%] #??????## # # | | ???????????????????????#####???????# "# | | ???????????????????????????????????## ""# | | ????????????????????????????????????## ## ### | | ?????????????????????????????????????##### ###?? | | ?????????????????????????????????????????#####???? | | ?????????????????????????????????????????????????? | | ?????????????????????????????????????????????????? | | ?????????????????????????????????????????????????? | | ?????????????????????????????????????????????????? | | ?????????????????????????????????????????????????? | | ?????????????????????????????????????????????????? | | ?????????????????????????????????????????????????? | | ?????????????????????????????????????????????????? | | | | | | | | | | | | | | | | | | | | | +----------------------------------------------------+ Best States ------------- Heat Dissipation 167 Energy Generation 110 Energy Capacity 1000 Matter Stores 300 Matter Capacity 300 Sight Range 16 Terrain Scan Range 16 Terrain Scan Density 210 Power Amplification 60 Armor Coverage 2800 Resistance: KI 30 Resistance: TH 30 Resistance: EX 50 Resistance: EM 25 Core Shielding 40 Weapon Shielding 66 Weapon Cycling 20 Evasion (%) 50 Targeting Accuracy 24 Launcher Accuracy 30 Target Analysis 8 Core Analysis 8 Armor Integrity Analysis 40 Recoil Reduction 2 Matter Filtering 50 Particle Charging 25 Kinecelleration 40 Offensive Hacking 42 Defensive Hacking 14 Item Schematics ----------------- Hcp. Storage Unit | -9/Materials | Extracted Power Shielding | -9/Materials | Extracted Hrd. Light Armor Plating | -9/Materials | Extracted Katana | -8/Materials | Extracted Imp. Medium Laser | -8/Materials | Extracted Imp. Aluminum Leg | -8/Materials | Extracted Hvy. EM Pulse Gun | -8/Materials | Extracted Imp. Signal Interpreter | -8/Materials | Extracted Imp. Datajack | -8/Materials | Extracted System Shield | -8/Materials | Extracted Combat Drone Bay | -6/Data Miner | Free Lgt. Regenerative Plating | -6/Data Miner | Free Cld. Nuclear Pulse Thruster | -6/Data Miner | Free Prc. Matter Filter | -6/Data Miner | Free Mni. Smartbomb Launcher | -6/Data Miner | Free Adv. Medium Treads | -6/Data Miner | Free Adv. Reaction Control System | -6/Data Miner | Free HERF Cannon | -6/Data Miner | Free Adv. Plasma Cannon | -6/Data Miner | Free Railgun | -6/Data Miner | Free Matter Neutralizer | -6/Data Miner | Free Hyp. Railgun | -6/Data Miner | Free Q-thruster | -6/Data Miner | Free Robot Schematics ------------------ Y-64 Sentinel | -6/Data Miner | Free R-10 Processor | -6/Data Miner | Free S-27 Virus | -6/Data Miner | Free G-50 Soldier | -6/Data Miner | Free L-61 Swordsman | -6/Data Miner | Free A-15 Conveyor | -6/Data Miner | Free B-60 Warrior | -6/Data Miner | Free Fabricated ------------ Nothing Alien Tech Used ----------------- None Achievements -------------- Revolutionary Research Challenges ------------ None Cogshop Purchases (170) ------------------------- Mni. Grenade Launcher (1049) Hpw. Tractor Beam (700) Med. Armor Plating (654) Adv. Beam Cannon (807) Lrn. Tractor Beam (752) Hvy. Particle Cannon (1079) Hvy. Particle Cannon (1079) Cooling System (716) Adv. Targeting Computer (693) Arm. Wheel (711) Arm. Wheel (711) Hvy. Ion Engine (613) Adv. Targeting Computer (814) Hrd. Medium Armor Plating (871) Rocket Launcher (929) Rocket Launcher (929) Rocket Launcher (1285) Imp. VTOL Module (520) Imp. VTOL Module (520) Imp. VTOL Module (520) Imp. VTOL Module (520) Imp. VTOL Module (520) Imp. Signal Interpreter (852) Lrn. Tractor Beam (641) Lrn. Tractor Beam (641) Launcher Guidance Computer (1035) Med. Reactive Plating (970) Cld. Particle Cannon (1242) Cld. Particle Cannon (1242) Cld. Particle Cannon (1242) Cld. Particle Cannon (1242) Imp. Carbon-fiber Leg (Loot Box) Exp. Powered Armor (Loot Box) Rnf. Deuterium Engine (773) Rnf. Deuterium Engine (773) Rocket Array (2755) Rocket Array (2755) Matter Filter (894) Arm. Huge Wheel (952) Machine Analyzer (855) Armor Integrity Analyzer (960) Reactive Plating (752) Arm. Huge Wheel (463) Arm. Wheel (360) Cld. Particle Cannon (831) Cld. Particle Cannon (831) Cld. Particle Cannon (831) Cld. Particle Cannon (1577) Matter Filter (727) Med. Reflective Plating (937) Med. Reactive Plating (937) Imp. Cooling System (910) Med. Reflective Plating (951) Adv. Targeting Computer (799) Particle Charger (485) Enh. Nuclear Core (840) Imp. Terrain Scanner (925) Imp. Terrain Scanner (925) Adv. Terrain Scan Processor (942) Adv. Targeting Computer (966) Hvy. Rocket Launcher (1048) Exp. Targeting Computer (2160) Exp. Targeting Computer (2160) Launcher Loader (1315) System Restoration Module (1183) Lrn. Missile Launcher (1502) Hrd. Heavy Armor Plating (827) Arm. Huge Wheel (834) Exp. Targeting Computer (2704) Launcher Loader (1965) System Restoration Module (2163) Imp. Hacking Suite (1319) Imp. Hacking Suite (1319) Imp. Particle Charger (1681) Cld. Plasma Cannon (1465) Cld. Plasma Cannon (1465) Med. Reactive Plating (746) F-cell Engine (981) Force Field (1830) F-cell Engine (981) Power Amplifier (2612) Power Amplifier (2612) Power Amplifier (2612) Cld. Plasma Cannon (1811) Cld. Plasma Cannon (1811) Cld. Plasma Cannon (1811) Adv. Heat Sink (2612) Arm. Huge Wheel (1084) Adv. System Shield (1567) Adv. Hacking Suite (1567) Neutrino Core (908) Force Field (3102) Fusion Reactor (2104) Imp. Heavy Armor Plating (879) Armor Integrity Analyzer (788) Neutron Missile Launcher (3304) Biometal Medium Treads (Loot Box) Exp. Core Shielding (Loot Box) Exp. Actuator Array (Loot Box) Imp. Force Field (1582) Enh. Fission Core (1041) Lyr. Heavy Armor Plating (885) Adv. Particle Charger (1970) Imp. Weapon Cycler (1793) Imp. Powered Armor (1270) Remote Datajack (917) Imp. Launcher Guidance Computer (958) Lgt. Quantum Reactor (Loot Box) Biometal Heavy Treads (Loot Box) Biometal Heavy Treads (Loot Box) Quantum Reactor (Loot Box) AEGIS Remote Shield (Loot Box) Adv. Power Amplifier (1242) Prc. Matter Filter (1138) Adv. Powered Armor (1797) Centrium Heavy Armor Plating (3937) Adv. Cooling System (1348) Adv. Powered Armor (1899) Exp. Thermal Shield (1319) Adv. Focal Shield (1218) Lrn. Tractor Beam (1047) Hvy. Neutron Cannon (1047) Exp. Cooling System (1609) Hvy. Neutron Cannon (1222) Adv. Target Analyzer (1132) Cld. Fission Core (2383) Adv. Particle Charger (1879) Launcher Loader (1566) Fusion Bomb Launcher (1990) Centrium Wheel (982) Centrium Wheel (982) Neutron Missile Launcher (4580) Adv. Signal Interpreter (1275) Imp. Shock Absorption System (1086) Neutron Missile Launcher (5475) Tactical Quantum Warhead (5931) Imp. Fusion Compressor (1114) Adv. Cooling System (1217) Imp. Weapon Shielding (820) Imp. Shock Absorption System (1378) Cld. Antimatter Reactor (2336) Adv. Force Field (1628) Lrn. Tractor Beam (1002) Insulated Plating (970) Graviton Reactor (2696) Graviton Reactor (2696) Adv. Power Amplifier (2156) Adv. Power Amplifier (2156) Exp. Force Field (5033) Exp. Thermal Defense Suite (4673) EM Disruption Field (1797) Imp. Matter Neutralizer (1458) Adv. System Shield (1107) Adv. Hacking Suite (1107) Adv. Hacking Suite (1107) Adv. Hacking Suite (1107) Coolant Network (2970) Imp. Launcher Guidance Computer (970) Matter Filter (2063) Tri-rail Accelerator (886) Tri-rail Accelerator (886) Imp. Kinecellerator (2889) Lrn. Tractor Beam (2101) Exp. Core Analyzer (1523) Imp. Armor Integrity Analyzer (1305) Adv. Target Analyzer (1844) Adv. Particle Accelerator (Loot Box) Com. Mass Driver (Loot Box) Biometal Heavy Treads (Loot Box) Quantum Reactor (Loot Box) Game ------ Seed ActiveShadingMagmablaster Manual? 0 Play Time 03:26:25 Cumulative 554.2 hours Start 2023.04.12 @ 00:52:31 End 2023.04.12 @ 15:34:53 Sessions 1 Manual Loads 0 Difficulty Rogue Special Mode AFD2019/Pay2Buy Game No. 575 Rogue 575 Adventurer 0 Explorer 0 Win Type - Total 1 Types 1/0/0/0/0/0/0/0/0 Lore% 70 Gallery% 84 Achievement% 66 Wizard Run 0 Options --------- ASCII 0 Keyboard 0 Movement Mouse Keybinds 0 Fullscreen 2 Font 24/Smallcaps Map View 76x50 Tactical HUD 1 Map Filters NONE Filters NONE Steam 1 RUN: 34fe173e-af98-4d36-bcc9-60941d234334